Workbook

Sheet Audit Program
B1: [Name of Auditor]
B2: Chartered Accountants
B3: Branch Audit Program
B4: [Name of Bank] - [Name of Branch] - [Branch Code]
B5: Financial Year: 2019 - 2020
B7: Details of the Authorized Persons of the Bank
C9: Branch Manager - CM/AGM/DGM
C10: Chief Manager
C11: Officer
C12: Officer
B14: Sr. | C14: Audit Aspects | D14: Covered By Whom | E14: Extent of Check
B15: A | C15: General
B16: 1 | C16: Engagement letter to the appointing authority
B17: 2 | C17: Letter for NOC to previous auditors
B18: 3 | C18: Meeting and discussion with the bank branch management and understanding the profile of the branch and its business and take a note on the same
B19: 4 | C19: Letter of requirement to the Branch
B20: 5 | C20: Review of:-
B21: 5.1 | C21: Previous year's audit report/ LFAR,
B22: 5.2 | C22: Current period's Internal Audit Report/ Concurrent Audit Report
B23: 5.3 | C23: Revenue Audit Report
B24: 5.4 | C24: RBI Inspection Report
B25: 5.5 | C25: Compliance of the branch to all of the above
B26: 5.6 | C26: any other special review report.
B27: 6 | C27: Physical verification of
... B43: 11 | C43: Prepare a list of various closing returns to be verified and certified, and then checking of the same during the audit.
C44: Checking of Balance Sheet Items
B45: 12 | C45: Checking of the advances:
C46: Take list of all advances along with facility wise limits, outstanding, Name of Lead bank, Credit Rating, Credit summations in the account, last date of submission of stock statement, date of review of account, etc. This shall help to select the accounts for testing.
B47: 12.1 | C47: Scrutiny in detail.
B48: 12.2 | C48: Critical review of all large advances and their reporting as per prescribed norms.
B49: 12.3 | C49: Classification of advances as per IRAC norms.
B50: 12.4 | C50: Latest valuation of security given against advances.
B51: 12.5 | C51: Provisions on NPA as per IRAC norms.
B52: 12.6 | C52: Review of all major restructured cases along with the compliance of norms as per RBI Guidelines.
B53: 12.7 | C53: List of all SMA 2 accounts and reporting of the same to concerned authorities.
B54: 13 | C54: Loan Accounts (Performing)
B55: 13.1 | C55: Review of all large advances with balance of lower of 5 % or Rs.2 crore of total advances.
B56: 13.2 | C56: Review of loans sanctioned during the year.
B57: 13.3 | C57: Review of other advances on test check basis.
B58: 13.4 | C58: Review of adverse comments by Concurrent auditors, RBI/internal inspectors and the reply given and corrective actions taken by the branch.
... B66: 14.2 | C66: Review the annual stock audit report for the NPA with balance of Rs. 5 cr. and above & latest valuation report for the immovable properties in case the valuation is older than 3 years.
C68: NOTE:
B69: 15 | C69: Following aspects of the advances to be verified:
C70:  Pre sanction: System of credit Appraisal and review/renewal.
C71:  Post sanction: Compliance of terms of sanction, documentation, end use of funds.
C72:  Monitoring: Stock and Book statements, drawing power, insurance, inspection of stock/security, operations in the account, etc.
B73: 16 | C73: Verify controls in respect of the following important items of assets.
B74: 16.1 | C74: (i) Dual custody of cash
B75: 16.2 | C75: (ii) Custody and issue of /pay orders/other stationery items etc.
B76: 16.3 | C76: (iii) ATM cash as per books and actual balance tallied at year end.
B77: 17 | C77: Fixed Assets
B78: 17.1 | C78: Checking of additions/deduction/ transfers of fixed assets, supported by proper bills/invoices and confirmation of date put to use. Compliance of Accounting Standard related to fixed assets
B79: 17.2 | C79: Checking of Depreciation on additions, deduction during the year and on existing assets as per the policy of the bank.
B80: 17.3 | C80: Verification of Fixed Assets Schedule for furniture & fixtures and other assets and reconciliation with figures appearing in the Balance Sheet and FA management software used by the bank (if any).
B81: 18 | C81: Deposits
B82: 18.1 | C82: Verification of Anti Money Laundering guidelines and Compliance with KYC norms on test check basis that overdue deposits,
B83: 18.2 | C83: Check TDS compliance on the interest paid and on test check basis checking of Form 15G & 15H and confirm whether those forms are submitted with respective Income Tax Authority
B84: 18.3 | C84: Movement of Deposit vis-à-vis movement in interest expense.
... B95: 20.1 | C95: Scrutiny of Balance Sheet, particularly –
C96: that all the balances are shown in proper heads and broadly compare previous year figure to understand material variance
C97: Check for any negative balance in the trial balance (i.e. assets / expenses having credit balances and liability / income having debit
C98: balances)
B99: 20.2 | C99: check in case of advances that:
C100: a) interest accrued but not due on loans is not included in advances.
C101: b) credit balances in O/D, CC inoperative current accounts should not be netted off with advances and the same should be shown under demand deposits.
C102: c) Verification of Anti Money Laundering guidelines and Compliance with KYC norms on test check basis
B103: 20.3 | C103: Checking,
C104: Liability under Bank Guarantee/ L/C and effects of expired BGs.
C105: Reconciliation of General Ledger and Subsidiary Ledger.
B106: 21 | C106: Checking of Profit and Loss Items
B107: 21.1 | C107: Test checking of interest on deposits, (particularly, Interest checking should be done on test basis for the period subsequent to the period of revenue/ concurrent audit). Ensure that interest provision on overdue F.D. has been made as per latest RBI guidelines. Check the system is properly configured to check the interest calculation and the changes in interest rate is changed in system on respective dates
B108: 21.2 | C108: Test checking of interest/commission on various advances, bills, L.C., Guarantees, etc.
B109: 21.3 | C109: Test checking of discount/commission on bills discounted and others income like commitment charges, processing fees, recovery of insurance/ legal fees etc.
B110: 21.4 | C110: Derive various ratios of items of income with comparable and related assets (like Avg. Interest Income to Average Advances etc.) and verify major movements or variances.
B111: 21.5 | C111: Checking of interest in NOSTRO Accounts debit balances.
B112: 21.6 | C112: Verification of recovery on account of locker rent, staff accommodation, etc., with details of arrears, if any.
B113: 21.7 | C113: Commission income on account of Government Business, i.e., collection as well as remittance of Income tax, sales tax, excise duty, etc.,
B114: 21.8 | C114: Details of Prior Period items of Income as well as expenses and complete details of provisions to be made, if any.
B115: 21.9 | C115: Booking of Interest Income on account of partial recovery in NPA’s.
B116: 21.10 | C116: Note down the reasons for material variances, if any
B117: 22 | C117: Others
B118: 22.1 | C118: Checking of statement of frauds adequacy of provision, timely reporting to competent authority, recovery and movement in balances.
B119: 22.2 | C119: Checking of statement of claims against the bank not acknowledged as debt.
B120: 22.3 | C120: Checking of Foreign Currency forward exchange contracts showing sales and purchase separately. Review of NRE and FCNR accounts, if any.
B121: 22.4 | C121: Checking of Guarantees given on behalf of Constituents.
B122: 22.5 | C122: Checking of Acceptance, endorsements and other obligations, i.e., L/C and bills accepted by the bank on behalf of customers.
C123: (Particularly check in case of Clause 21.4 and 21.5 above, whether the above guarantees and LC issued are within the powers of the authorised person and proper procedures have been followed for issuing the same. Review the position of the above as at the year-end)
B124: 22.6 | C124: Other contingent liability, if any.
B125: 22.7 | C125: Checking of and preparation of Interest Subsidy certificate (as per various RBI & Government schemes), correct accounting & whether the same are given to the eligible borrowers.
B126: 22.8 | C126: 8. Checking of write off proposal and DICGC claims, sharing of recovery, etc.
B127: 22.9 | C127: 9. Checking of annual returns on protested bills/ recalled debt accounts (PB/RD).
B128: 22.10 | C128: 10. Checking of LFAR schedules and preparation of LFAR. (Detailed planning for preparation of LFAR be done at the time of commencement of audit and detailed guidance be sought from the chapter on LFAR in this guidance note).
B129: 22.11 | C129: 11. Checking of Tax Audit annexures And preparation of Tax Audit Report.
B130: 23 | C130: Final Audit and Reporting
B131: 23.1 | C131: Preparation of Audit Report as per format prescribed by ICAI under SA 700 and under any other regulatory authority.
B132: 23.2 | C132: Preparation of memorandum of changes for changes to be made in classification of advances and in any item of asset/liability and profit and loss account with other remarks and/ or information which requires further attention at Regional/Zonal Office level.
B133: 23.3 | C133: Preparation of Tax Audit Report.
B134: 23.4 | C134: Preparation of Long Form Audit Report (by giving annexures where ever necessary).
B136: 24 | C136: To collect the following Certificates:
B137: 24.1 | C137: Physical verification of the fixed assets carried out on March 31, 2018/During the year
...

Sheet Main LFAR
B2: [Name of the Bank]
B3: [Name of the Branch]
B4: Distinctive Code: [Branch Code]
F7: Period: 01.04.2019 to 31.03.2020
B8: I | E8: ASSETS | H8: Methodology | I8: Evidence / Documents to be obtained | J8: CBS Audit Requirements
C9: 1 | E9: CASH
D10: a | E10: Does the branch generally carry cash balances, which vary significantly from the limits fixed by the controlling authorities of the bank? Whether excess balances have been reported to the controlling authorities of the bank? | F10: The branch generally carry cash balances, which does not vary significantly from the limits fixed by the Branch, i.e. Rs. 2.00 Lacs. The controlling authorities of the bank have not prescribed any limits for cash retention as the cash balance is maintained for expenses of branch and employees. | H10: 1) Obtain Cash Retention Limit by Branch. 2)Verify the Cash Ledger through out the year and comment on the status of cash retained by branch. 3)Verify whether the instances of excess cash balances are being reported to the Controlling Office from time to time from correspondance. 4)Also verify the procedure for Cash in ATM and check the same has been within the limits. | I10: Xerox copy of any two pages of cash register and print out of cash balances on 12 odd dates to be obtained in working paper file. Take xerox copy of correspondance with CO for excess cash balance reporting. Also Cash Balance certificate must be obtained on the date of cash verification by SBA on date of verification or year end balance. | J10: Take GL Print of Cash In Hand Report in excel and V Look up for Annexure 1 - A
D11: b | E11: Does the branch hold adequate insurance cover for cash-on-hand and cash-in- transit? | F11: As per the HO Circular on cash retention limit, the Cash Insurance Policy for all branches, bank holds adequate insurance cover for cash on hand and cash in transit of Rs. 1.50 crore per branch. The Cash insurance policy was not available for our verification. | H11: 1) Check Insurance Policy for Cash (including cash in hand, cash in ATM, cash in transit). Verify whether the limits fixed are adequately covered by the Policy. 2)Check the date of Policy for validity during the FY. The details of Policy will be available with branch or in closing circular | I11: Xerox copy of Insurance Cover Note / Circular / Policy Number, take from HO Circular or Closing Circular
D12: c | E12: Is cash maintained in effective joint custody of two or more officials, as per the instructions of the controlling authorities of the bank? | F12: Based on our verification during the audit, the branch has maintained cash in joint custody of two officials as per the instructions of controlling authorities of bank. | H12: 1)Check Banks Policy for joint custody of cash chest and ATM. 2)Verify the operations during your presence whether the joint custody is effective. 3)Verify whether the cash vaults are opened / closed / operated jointly by two officials and comment | I12: Take photocopy of cash register maintained under 2 signatures inside the vault. Specify the name and designation of the concerned person.
D13: d | E13: Have the cash balances at the branch been checked at periodic intervals as per the procedure prescribed by the controlling authorities of the bank? | F13: The cash balances at the branch has not been checked at periodic intervals as per the procedure prescribed by the controlling authorities of the bank. | H13: 1)Check the policy of bank, the joint custodians of cash must sign on cash register every day, BM or Other officials should verify during the year on surprise basis. 2)Also concurrent auditors (Monthly), external auditors, external officials should verify the same. verify cash register and comment. 3) Check if officials who are not dealing with cash are alson doing verification on monthly basis. | I13: Xerox copy of page on which officials other than two regular officials have verified the physical cash balance during April 2018 to March 2019
C14: 2 | E14: Balances with Reserve Bank of India, State Bank of India and Other Banks
D15: a | E15: Were balance confirmation certificates obtained in respect of outstanding balances as at the year-end and whether the aforesaid balances have been reconciled? The nature and extent of differences should be reported. | F15: The Branch does not hold any Account with Reserve Bank of India, State Bank of India or other banks, hence this clasue is not applicable. | H15: 1)Identify from GL whether the branch maintains account with RBI or SBI or any other bank. 2)If yes, then verify the Account Statement with Ledger. 3)Also verify the Closing Balance with Balance Confirmation Certificate Received by the branch with Ledger balance. 4) Identify and report non accounting of revenue items such as interest/bank charges etc. Also identify and report the Items appearing in Reconciliation for more than 3 months | I15: Copy of Balance Confirmation Certificate, Copy of Reconciliation Statement. Also try to get third party confirmation directly from the branch if it is nearby.
D16: b | E16: Auditor’s observations on the reconciliation statements may be reported in the following manner: | F16: Not Applicable
D17: i | E17: Cash transactions remaining un-responded (give details) | F17: Not Applicable | H17: If any such item of cash withdrawal and deposit is pending, auditor should verify the reasons and report accordingly. | I17: Copy of such advice should be kept in WP
D18: ii | E18: Revenue items requiring adjustments/ write-off (give details) | F18: Not Applicable | H18: If any such item of Revenue / Expenditure nature has remained un accounted, the same should be recorded through MOC. | I18: Copy of Bank Statement with details of such transactions
D19: iii | E19: Old outstanding balances remaining unexplained/ unadjusted. Give details for: | F19: Not Applicable | H19: 1)Check the statement and verify the details of outstanding transactions in reconciliation statements along with appropriate narrations. 2)Break up of up to 3 months, upto 1 year and more than 1 year should be given | I19: Copy of Bank Reconciliation Statement with details of such transactions outstanding for more than 3 months with appropriate details
D20: - | E20: Outstanding between six months and one year; and | F20: Not Applicable
D21: - | E21: one year and above | F21: Not Applicable
D22: c | E22: In case any item deserves special attention of the management, the same may be reported. | F22: Not Applicable
C23: 3 | E23: Money at Call and Short Notice
E24: Has the Branch kept money-at-call and short notice during the year? If so, whether instructions/guidelines, if any, laid down by the controlling authorities of the bank have been complied with? | F24: The Branch has not kept money-at-call and short notice during the year. | H24: 1)Generally the branches are not allowed to keep Money at call and short notice now a days. 2)However verify the HO guidelines and verify whether the branch has followed the same. Report accordingly. | I24: Take MR / Certificate from Branch that they do not have any money at call and short notice
C25: 4 | E25: Investments
D26: (A) | E26: For Branches in India
D27: a | E27: Are there any investments held by branches on behalf of Head Office/other offices of the bank? If so, whether these have been made available for physical verification or evidences have been produced with regard to the same where these are not in possession of the branch? | F27: There are no investments held by branch on behalf of Head Office/other offices of the bank. | H27: Generally the branches are not allowed to have investment at branch, and they are centralised in Treasury. however there is possibility that the old Investments in physical form are kept with the branch for collection. Check whether HO guidelines have been followed by the branches and report accordingly. | I27: Take MR / Certificate from Branch that they do not have any such investments.
D28: b | E28: Whether any amounts received as income on such investments have been reported to the Head Office? | F28: Not Applicable | H28: Verify whether income on investments held by the branch has been recorded properly. Refer HO Guidelines
D29: c | E29: In respect of investments held by branches on behalf of Head Office/other offices of the bank whether any income is accrued / received and recognized as income of the branch contrary to the instructions of the controlling authorities of the bank? | F29: Not Applicable | H29: Verify whether income on investments held by the branch has been recorded properly. Refer HO Guidelines
D30: d | E30: Whether there are any matured or overdue investments, which have not been encashed? If so, give details? | F30: Not Applicable | H30: Check whether the investments held by the branch are overdue and the follow up with respective company has been done. Also check HO guidelines on this
D31: e | E31: Whether the Guidelines of the Reserve Bank of India regarding Transactions in Securities have been complied with. | F31: Not Applicable | H31: Check RBI Guidelines on investments
D32: f | E32: Whether the Guidelines of the Reserve Bank of India regarding Valuation of Investments have been complied with. | F32: Not Applicable | H32: Check valuation as per Master Circular on Investments
D33: (B) | E33: FOR BRANCHES OUTSIDE INDIA | F33: Not Applicable
D34: a | E34: In respect of purchase and sale of investments, has the branch acted within its delegated authority, having regard to the instructions/guidelines in this behalf issued by the controlling authorities of the bank? | F34: Not Applicable
D35: b | E35: Have the investments held by the branch whether on its own account or on behalf of the Head Office/ other branches been made available for physical verification? Where the investments are not in the possession of the branch, whether evidences with regard to their physical verification have been produced? | F35: Not Applicable
D36: c | E36: Is the mode of valuation of investments in accordance with the RBI guidelines or the norms prescribed by the relevant regulatory authority of the country in which the branch is located whichever are more stringent? | F36: Not Applicable
D37: d | E37: Whether there are any matured or overdue investments, which have not been en- cashed? If so, give details? | F37: Not Applicable
C38: 5 | E38: ADVANCES
E39: (The answers to the following questions may be based on the auditor's examination of all large advances and a test check of other advances. In respect of large advances, all cases of major adverse features, deficiencies, etc. should be reported. In respect of other advances, the auditor may comment upon the relevant aspects generally, along with instances of situations giving rise to his reservations or adverse remarks. For this purpose, large advances are those in respect of which the outstanding amount is in excess of 5% of the aggregate advances of the branch or Rs.2 crores, whichever is less)
D40: A | E40: CREDIT APPRAISAL
E41: In your opinion, has the branch generally complied with the procedures/ instructions of the controlling authorities of the bank regarding loan applications, preparation of proposals for grant / renewal of advances, enhancement of limits, etc., including adequate appraisal documentation in respect thereof. | F41: On the basis of ____ newly sanctioned borrower accounts verified by us, in our opinion the branch has generally complied with the procedures / instructions of the controlling authorities of the bank regarding loan application, preparation of proposals for grant / renewal of advances, enhancement of limits, etc., including adequate appraisal documentation in respect thereof, except those reported in Annexure "2". | H41: 1) Check whether appropriate Application Forms have been used for application of loan proposal. 2) Check whether the proposal for new/renewal has been recommended based on latest financial statements, past dealings with bank, repayment capacity of borrower, value of security in compliance with Head Office Guidelines. 3)Check comments of Branch while proposing the credit facilities such as - unit is functioning properly, pre sanction visit report, satisfaction in case of value of security and owenership of security, Insurance of security, End use of Loan proposed, other relevant documents submitted along with application, operation in account with bank, etc. 4) Check for "Earlier mortality cases" | I41: Make list of all Advances sanctioned during the year and note the selection criteria and sample selected for testing. Obtain list of sanctions during the year with details such as party, limit, sanctioned by etc.
D42: B | E42: SANCTIONING & DISBURSEMENT
D43: i | E43: In the cases examined by you, have you come across instances of credit facilities having been sanctioned beyond the delegated authority or limit fixed for the branch? Are such cases promptly reported to higher authorities? | F43: On the basis of ____ accounts sanctioned we have not come across instances of credit facilities having been sanctioned beyond the delegated authority of limit fixed for the branch, except those reported in Annexure "3" | H43: 1) Check whether delegation of power has been exercised as per manual of instruction while sanctioning the credit facilities. 2) Check the acceptance of Terms of Sanction by borrowers. 3) Check operations permitted beyond sanctioned limits, adhoc loans, short term loans. Report instances. 4) Cases are to be checked where existing borrowers are allowed to overdraw for a period beyond permissible time, such cases need to be reported. | I43: Take xerox copy of sanction letter in cases identifed where sanction is beyond delegated power. Mention in MR
D44: ii | E44: In the cases examined by you, have you come across instances where advances have been disbursed without complying with the terms and conditions of the sanction? If so, give details of such cases. | F44: In casese of ___ advances verified by us, we have not come across instances where advances have been disbursed without complying with the terms and conditions of sanction, except those reported in Annexure "4" | H44: 1) Check loan sanctioning to find whether terms and conditions are fullfilled, whether appropriate documentations such as EM of property etc have been executed. Report instances. 2) Obtain original title deed, Execution of documents, vetting of document by legal department. | I44: Copy of at least 1 borrower tested for compliance with terms and conditions with appropriate supporting documents. Mention in MR.
D45: C | E45: DOCUMENTATION
D46: i | E46: In the cases examined by you, have you come across instances of credit facilities released by the branch without execution of all the necessary documents? If so, give details of such cases. | F46: In casese of ___ advances verified by us, we have not come across instances of credit facilities released by the branch without execution of all necessary documents, except those reported in Annexure "5" | H46: 1) Check the documents whether obtained as per the prescribed format and HO Guidelines and report exceptions. List of such exceptions. 2) Verify custody of documents. | I46: Mention in MR
D47: ii | E47: In respect of advances examined by you, have you come across instances of deficiencies in documentation, non-registration of charges, non-obtaining of guarantees, etc.? If so, give details of such cases. | F47: In cases of ___ advances verified by us, we have not come across instances of deficiencies in documentation, non registration of charges, non obtaining of guarantees etc., except those reported in Annexure "6" | H47: 1) Check loan documents as per terms of sanction and as per HO Guidelines and report exceptions. 2) Time barred documents list to be furnished. | I47: take xerox copy of sample
D48: iii | E48: Whether advances against lien of deposits have been properly granted by marking a lien on the deposit in accordance with the guidelines of the controlling authorities of the bank. | F48: In cases of ___ advances against lien of deposited verified by us, they have been properly granted by marking a lien on the deposit in accordance with the guidelines of the controlling authorities of the bank, except those reported in Annexure "D" | H48: 1) Check lien marked on all deposits against which loan has been sanctioned, Also check the loan interest rate whether 1 or 2 % more than the deposit rate. 2) In case of physical deposit receipts check whether lien has been marked on the face of receipt and in the system and the deposit receipt is duly discharged by the borrower. 3) Where the deposits are matured but not adjusted against the respective advances. 4) Report exceptions | I48: take xerox copy of sample
D49: D | E49: REVIEW/MONITORING/SUPERVISION
D50: i | E50: Is the procedure laid down by the controlling authorities of the bank, for periodic review of advances including periodic balance confirmation/ acknowledgment of debts, followed by the Branch? Provide analysis of the accounts overdue for review/renewal | F50: In cases of ____ advances verified by us, the procedure laid down by the controlling authorities of the bank for periodic review of advances including periodic balance confirmation / acknowledgement of debts, has been followed by the branch, except those reported in Annexure "7" | H50: 1) Check whether the branch has followed operating instructions for monitoring of advances issued by HO Guidelines. 2) Check adverse remarks of auditors / inspectors are rectified / complied before renewal. Latest Financial Statements, Stock Statements, Insurance Policies etc are available in the file. 3) Balance Confirmation / Acknowledgement of Debt is not time barred. 4) Check prints from CBS regarding non complience and verify. 5) Date/Month in which accounts were due for review and the Date/Month on which the review was done may be obtained. 6) Report exceptions | I50: take xerox copy of sample
D51: - | E51: between 6 months and 1 year, and | F51: Anexure "7"
D52: - | E52: over 1 year | F52: Anexure "7"
D53: ii | E53: Are the stock/ book debt statements and other periodic operational data and financial statements, etc., received regularly from the borrowers and duly scrutinized? Is suitable action taken on the basis of such scrutiny in appropriate cases? | F53: In cases of ____ advances verified by us, the stock statements / book debt statements and other periodic operational data and financial statements, etc. received regularly from the borrowers and the same are duly scrutinized by the branch, except those reported in Annexure "8" | H53: 1) Check stock statement submitted for WC limits and repot instances of irregularity in submission. 2) Check whether penal interest has been charged appropriately. Also check whether Financial Statements for 31.03.2019 and in case of listed entities Quarterly Review Statements for June 2018, September 2018 and December 2018 have been obtained. 3) Check QIS Data submitted by borrowers. Also check from documents and records whether branch has scrutinised them before taking credit decision. report exceptions | I53: take xerox copy of stock statement register in case of deficiency on sample basis.
D54: iii | E54: Whether there exists a system of obtaining reports on stock audits periodically? If so, whether the branch has complied with such system? | F54: In cases of ____ advances verified by us, there exists a system of obtaining reports on stock audits periodically as per HO Guidelines, except those reported in Annexure "9" | H54: Check whether there is policy of Bank for selecting borrower accounts for stock audit. On the basis of selection criteria, whether the branch has received stock audit reports for those borrowers. 2) Check Stock Audit Reports for Negative Observations and appropriate actions of branch on the same. If not report exceptions. | I54: take copy of 1 stock audit report and list of stock audits conducted during the year. Also list of stock audit pending to be certified by BM
D55: iv | E55: Indicate the cases of advances to non-corporate entities with limits beyond Rs.10 lakhs where the Branch has not obtained the accounts of borrowers, duly audited under the RBI guidelines with regard to compulsory audit or under any other statute. | F55: In cases of ____ advances verified by us, the branch has obtained duly audited accounts in case of borrowers of non corporate entities having limits beyond Rs. 10 lacs, except those reported in Annexure "10" | H55: Check whether Audited accounts have been obtained from non corporate borrowers having limits above Rs.10 lacs. If not report exceptions | I55: Check HO Circular for fixing limit other than Rs.10 lac, if any. Take copy of auditied financials of at least 1 borrower on sample basis
D56: v | E56: Has the inspection or physical verification of securities charged to the Bank been carried out by the branch as per the procedure laid down by the controlling authorities of the bank? | F56: In cases of ____ advances verified by us, the branch has conducted inspection / physical verification of securities charged to the bank during the year as per procedures laid down by the controlling authorities of the bank, except those reported in Annexure "I" | H56: Check policy of bank on inspection / physical verification of securities charged to the bank and check whether such verification has been carried out by the branch officials during the year for all eligible borrower accouts. Report exception. | I56: take xerox copy of at least 1 report of physical verification and one page of register maintined for the same.
D57: vi | E57: In respect of advances examined by you, have you come across cases of deficiencies in value of securities and inspection thereof or any other adverse features such as frequent unauthorized overdrawing beyond limits, inadequate insurance coverage, etc. | F57: In cases of ____ advances examined by us, we have not come across cases of deficiencies in value of securities and inspection thereofthe or any other adverse features such as frequent unauthorised overdrawings beyond limits, inadequate insurance etc., except those reported in Annexure "11" | H57: 1) Check the value of securities based on valuation reports not older than 3 years. 2) Also check whether valuation of securities such as stock and book debts is not based on stock statements older than 6 months.Also check whether insurance is adequate, overdrawings allowed within Delegation of power etc. 3) Note the remarks regarding deficiencies in value of securities and inspection report submitted. 4) Check whether insurance is in favour of bank and whether insurance covers risk. | I57: take xerox copy of valuation in case of deficiency on sample basis.
D58: vii | E58: In respect of leasing finance activities, has the Branch complied with the guidelines issued by the controlling authorities of the bank relating to security creation, asset inspection, insurance, etc? Has the Branch complied with the accounting norms prescribed by the controlling authorities of the bank relating to such leasing activities | F58: In cases of ____ advances in respect of leasing finance activities, the Branch has complied with the guidelines issued by the controlling authorities of the bank relating to security creation, asset inspection, insurance, etc., except those reported in Annexure "K" | H58: Check prescribed guidelines by the bank and report exceptions
D59: viii | E59: Are credit card dues recovered promptly? | F59: On the basis of our verification of credit card dues at the branch on test check basis Credit card dues have been recovered promptly by the bank except those reported in Annexure "L" | H59: Verify system of recovery of Credit card dues and check whether all credit card holders (issued through branch) have account wtith debit balance and report accordingly
D60: ix | E60: Has the branch identified and classified advances into standard / substandard/ doubtful/loss assets in line with the norms prescribed by the Reserve Bank of India (The auditor may refer to the relevant H.O. Instructions for identification of NPAs and Classification of Advances). | F60: On the basis of our verification of classification of advances on test check basis, the branch has identified and classified advances into standard/ substandard/ doubtful/ loss assets in line with norms prescribed by the Reserve Bank of India. | H60: Check the NPA statement as on 31.03.2018 and check the downgrade / upgrade accounts in total during the year. Also verify the NPA / Irregularity statement as per CBS System (D2K statement) as on 31.03.2019 and verify whether all irregular accounts as per CBS are classifed in Software.Also check value of security based on documents provided by branch. Check the MSME circular for MSME borrowers | I60: Take copy of NPA statement as on 31.03.2017, summary of NPA from CBS, list of upgradations and list of downgradations as on 31.03.2018
D61: x | E61: Where the auditor disagrees with the branch classification of advances into standard/substandard/doubtful/loss assets, the details of such advances with reasons should be given. Also indicate whether suitable changes have been incorporated/suggested in the Memorandum of Changes. | F61: On the basis of our verification of classification of advances on test check basis, We do not disagree with the branch classification of advances into standard/substandard/doubtful/loss assets, except those reported in and Annexure "12". | H61: Check the NPA statement as on 31.03.2018 and check the downgrade / upgrade accounts in total during the year. Also verify the NPA / Irregularity statement as per CBS System as on 31.03.2019 and verify whether all irregular accounts as per CBS are classifed in Software.Also check value of security based on documents provided by branch. Check the MSME circular for MSME borrowers | I61: Account statement in case the account is overdue for more than 90 days.
D62: xi | E62: Have you come across cases where the relevant Controlling Authority of the bank has authorised legal action for recovery of advances or recalling of advances but no such action was taken by the branch? If so, give details of such cases. | F62: On the basis of our verification of _____ cases of legal action / recalling of advances, We have not come across cases where the relevant Controlling Authority of the bank has authorised legal action for recovery of advances or recalling of advances, and the branch has not taken action against them, except those reported in Annexure "N" | H62: 1)Check whether recovery proceeding / recalling of advances has been initiated by Controlling office and the branch has not followed those instructions. Report exceptions. 2) Check if the NPA account if transferred to ARB branch whether the Outstanding is still shown in advances.
D63: xii | E63: Have all non-performing advances been promptly reported to the relevant Controlling Authority of the bank? Also state whether any rehabilitation programme in respect of such advances has been undertaken, and if so, the status of such programme. | F63: On the basis of our verification of classification of advances on test check basis, it is observed that the branch has been reporting non performing advances on quarterly basis, i.e. during the reporting for Quarter ending 30th June, 30th September, 31st December and 31st March each year. There is no rehabilitation program in respect of such advances being undertaken at the branch. | H63: Check NPA Statement of 31.03.2018 and compare with 31.03.2019 for variations either upgrades or downgrade. Also verify NPA Statement as per CBS as on 31.03.2019 and check same in Software. Also check any accounts classified as NPA during the year and upgraded during the year with reasons | I63: Take copy of NPA statement as on 31.03.2017, summary of NPA from CBS, list of upgradations and list of downgradations as on 31.03.2018
D64: xiii | E64: Have appropriate claims for DICGC and Export Credit Guarantee/Insurance and subsidies, if any, been duly lodged and settled? The status of pending claims giving year wise break-up of number and amounts involved should be given in the following format. | F64: We have verified ____ claims for DICGC and ECG/Insurance and subsidies which are duly lodged and settled. Refer Annexure "1" attached for status of pending claims with year wise break up of number and amounts invilved. | H64: Check whether there are any claims pending with DICG, any claims sent during the year or any payments received during the year. After verification of statements prepared by the branch comment accordingly. | I64: Statement disclosing the claim details.
D65: xiv | E65: In respect of non-performing assets, has the branch obtained valuation reports from approved valuers for the fixed assets charged to the bank, once in three years, unless the circumstances warrant a shorter duration? | F65: On the basis of _____ non performing assets account verified by us, the branch has obtained valuation reports from approved valuers for the fixed assets charged to the bank, once in three years, except those reported in Annexure "13". | H65: Verify the list of Valuation Reports for NPA for date of valuation and report accordingly.
D66: xv | E66: In the cases examined by you has the branch complied with the Recovery Policy prescribed by the controlling authorities of the bank with respect to compromise/ settlement and write-off cases? Details of the cases of compromise/ settlement and write-off cases involving write offs/ waivers in excess of Rs. 50.00 lakhs may be given. | F66: On the basis of our verification of ___ accounts of compromise / settlement and write off cases involving Rs.50 lacs at the branch, the branc hhas complied / not complied with recovery policy of the bank.except those reported in Annexure "14". | H66: Check the accounts identified for such recovery by Head Office and report accordingly
D67: xvi | E67: List the major deficiencies in credit review, monitoring and supervision | F67: List of major deficiencies in credit review, monitoring and supervision are given in Annexure "15" | H67: List all deficiencies which could not be reported in any other point above in A to D segment of Advances
D68: E | E68: GUARANTEES AND LETTER OF CREDIT
D69: i | E69: Details of outstanding amounts of guarantees invoked and funded by the Branch at the end of the year may be obtained from the management and reported in the following format: | F69: Details of outstanding amounts of guarantees invoked and funded by the branch are given below.Annexure "16"
D70: a | E70: Guarantees invoked, paid but not adjusted:
D71: b | E71: Guarantees invoked but not paid
D72: ii | E72: Details of the outstanding amounts of letters of credit and co-acceptances funded by the Branch at the end of the year may be obtained from the management and reported in the following format:
C73: 6 | E73: OTHER ASSETS
D74: A | E74: STATIONERY AND STAMPS
D75: i | E75: Does the system of the Bank ensure adequate internal control over issue and custody of stationery comprising security items (Term Deposit Receipts, Drafts, Pay Orders, Cheque Books, Traveller's Cheques, Gift Cheques, etc.)? Whether the system is being followed by the branch? | F75: On the basis of our verification on test check basis, the system of the Bank ensure adequate internal control over issue and custody of stationery comprising security items and the same is being followed by the branch. | H75: check the inward / outward movement of stationery. Check the accounting aspect based on vouchers received from head office. Verify the recording of serial numbers in CBS | I75: Take xerox copy of few pages from stationery register and few instances of inward / outward movement of stationery
D76: ii | E76: Have you come across cases of missing/ lost items of such stationery? | F76: On the basis of our verification on test check basis, we have not come across cases of missing / lost items of stationery. The stationery is expensed out in the books of account of branch. However in the audit booklet, amount of stationery on hand as on 31.03.2018 amounting to Rs. 3174.06 has been reported. The General Ledger shows balance of Rs. Nil against GL Code 50110001 | H76: verify all the items as per stationery register with physical count. | I76: take MR from BM for missing items. Also take copy of correspondance with CO for missing items, if any
D77: B | E77: SUSPENSE ACCOUNTS / SUNDRY ASSETS
D78: i | E78: Does the system of the Bank ensure expeditious clearance of items debited to Suspense Account? Details of old outstanding entries may be obtained from the Branch and the reasons for delay in adjusting the entries may be ascertained. Does your scrutiny of the accounts under various sub-heads reveal balances, which in your opinion are not recoverable and would require a provision/ write- off? If so, give details in the following format: | F78: On the basis of our verification on test check basis, the system of the Bank ensures expeditious clearance of items debited to Suspense Account. Our scrutiny of the accounts under various sub-heads reveal balances, which in our opinion are recoverable and would not require a provision/ write- off. | H78: 1) check the list of items appearing in various heads of suspense and verify the nature of transaction by vouchig. Also identify the reasons for the transactions and efforts taken by branch to regularise the same. 2) Take list as per annexure 5 and scrutinies the same. if amounts are not recoverable, propose write off / provisions appropriately | I78: take print of suspense (all heads) through cbs as on reporting date. Also take copies of correspondance if any for potential write off
D79: ii | E79: Does your test check indicate any unusual items in these accounts? If so, report their nature and the amounts involved. | F79: On the basis of our verification on test check basis, we have not come across any unusual items in these accounts during the year under audit. | H79: test the originating debits and verify the correctness of the transactions. If any unusual item is noticed, take full details of the same/ 2) Make a list of long outstanding entries over a period of one year and if you feel that it is non recoverable, give MOC.
B80: II | E80: LIABILITIES
C81: 1 | E81: DEPOSITS
D82: i | E82: Have the controlling authorities of the bank laid down any guidelines with respect to conduct and operations of Inoperative Accounts? In the cases examined by you, have you come across instances where the guidelines laid down in this regard have not been followed? If yes, give details thereof | F82: Controlling authorities of the bank have laid down guidelines in respect of conduct and operations in inoperative account. There are NIL inoperative accounts in Deposits, maintained at Branch. | H82: 1) Take list of inoperative accounts and identify transactions during the year, if any. 2) Check at least few cases for operations in these accounts and ascertain that the necessary guidelines are followed. 3) Whether system identifies the inoperative accounts and converts the status to inactive. 4) Whether accounts are transferred DEAF deposit accounts ledger. 5) Whether unclaimed liability are termed as contingent liability. 6) Note down the procedure for making such inoperative account operative. | I82: Take copy of correspondance if any
D83: ii | E83: After the balance sheet date and till the date of audit, whether there have been any unusual large movements (whether increase or decrease) in the aggregate deposits held at the year-end? If so, obtain the clarifications from the management and give your comments thereon. | F83: On the basis of our analysis of aggregate deposits held at year end and after the balance sheet date and till the date of audit, we have not come accross any unusual large movements (whether increase or decrease) in the aggregate deposits held at the year-end, except those reported in Annexure "P". | H83: Take print of PL/GL statement as on 15.03.2018, 31.03.2018 and and last date of audit and compare the same. Also take print of GL/PL as on date of audit and compare for movements. | I83: Take Prints from CBS
D84: iii | E84: Are there any overdue /matured term deposits at the end of the year? amounts thereof should be indicated. | F84: There are Rs._______ in overdue /matured term deposits at the end of the year at the branch. / The branch has practice of renewing the deposits matured for a same period they were kept earlier as a result there are NIL overdue / matured term deposits. | H84: 1)Take details of matured deposits from cbs. 2) Check whether interest is provided on matured deposit as per guidelines issued by HO, if not then as RBI guidelines. | I84: Take Prints from CBS
C85: 2 | E85: OTHER LIABILITIES
E86: BILLS PAYABLE, SUNDRY DEPOSITS, ETC.
D87: i | E87: The number of items and the aggregate amount of old outstanding items pending for three years or more may be obtained from the Branch and reported under appropriate heads. Does the scrutiny of the accounts under various sub-heads reveal old balances? If so, give details in the following format: | F87: On our verification on test check basis, the number of items and the aggregate amount of old outstanding items pending for three years or more are given in Annexure "20". The scrutiny of these accounts under various sub-heads reveal old balances which are reported in Annexure "20". | H87: 1) check the annexure prepared by branch. Scrutinise the transactions appearing in GL head for old items along with narration. 2) Check the efforts taken at the branch to regularise the same. | I87: Annexure prepared by branch.
D88: ii | E88: Does your test check indicate any unusual items or material withdrawals or debits in these accounts? If so, report their nature and the amounts involved. | F88: Our test check indicate unusual items or material withdrawals or debits in these accounts, except those reported in Annxeure "R". | H88: 1) Refer the exceptional transaction report generated through system. 2) Movement in such account may be compared and reason may be analysed. | I88: Mention in MR
C89: 3 | E89: CONTINGENT LIABILITIES
E90: List of major items of the contingent liabilities (other than constituents' liabilities such as guarantees, letters of credit, acceptances, endorsements, etc.) not acknowledged by the Branch? | F90: List of major items of the contingent liabilities (other than constituents' liabilities such as guarantees, letters of credit, acceptances, endorsements, etc.) not acknowledged by the Branch? | H90: Enquire with Branch manager about contingent liabilities such as court Cases against the branch by landlord / customer / borrower etc and report | I90: Take xerox copies of claims / suit filed etc
B91: III | E91: PROFIT AND LOSS ACCOUNT
D92: 1 | E92: Whether the branch has a system to compute discrepancies in interest/ discount and for timely adjustment thereof in accordance with the guidelines laid down in this regard by the controlling authorities of the bank? Has the test checking of interest revealed excess/ short credit of a material amount? If so, give details thereof. | F92: On the basis of our verification on test check basis, the branch has a system to compute discrepancies in interest/ discount and for timely adjustment thereof in accordance with the guidelines laid down in this regard by the controlling authorities of the bank. Our test checking of interest has not revealed excess/ short credit of a material amount, except those reported in Annexure "S" | H92: Ask for Print out of Interest Product of 1 account in each type of Deposit and 1 account in each type of Advances account. Take All advances accounts report with Interest rate applied and test check the calculation and report accordingly. Check with accounting policy of bank whether all items of income are recorded on accrual basis except those reported seperately in exception. Check Interest Failure reports to verify whether the interest has been recovered before year end. compare quarterly income and expenditure and also 31.03.2018 vs 31.03.2019 to compare trend and report accordingly | I92: Interest product reports
D93: 2 | E93: Has the branch complied with the Income Recognition norms prescribed by R.B.I.? (The Auditor may refer to the instructions of the controlling authorities of the bank regarding charging of interest on non-performing assets). | F93: In our opinion and on the basis of our verification of test check basis, the branch hsa complied with the Income Recognition norms prescribed by R.B.I., except those reported in MOC and Annexure "T"
D94: 3 | E94: Whether the branch has a system to compute discrepancies in interest on deposits and for timely adjustment of such discrepancies in accordance with the guidelines laid-down in this regard by the controlling authorities of the bank? Has the test check of interest on deposits revealed any excess/short debit of material amount? If so, give details thereof. | F94: On the basis of our verification on test check basis, the branch has a system to compute discrepancies in interest on deposits and for timely adjustment of such discrepancies in accordance with the guidelines laid-down in this regard by the controlling authorities of the bank. Our test checking of interest on deposits has not revealed any excess/short debit of material amount, except those reported in Annexure "T"
D95: 4 | E95: Does the bank have a system of estimating and providing interest accrued on overdue/ matured term deposits? | F95: On the basis of our verification on test check basis, the bank has a system of estimating and providing interest accrued on overdue/ matured term deposits, except as reported in Annexure "U"
D96: 5 | E96: Are there any divergent trends in major items of income and expenditure, which are not satisfactorily explained by the branch? If so, the same may be reported upon. For this purpose, an appropriate statement may be obtained from the branch management explaining the divergent trends in major items of income and expenditure. | F96: On the basis of our analysis of income and expenditure, there are no divergent trends in major items of income and expenditure, which are not satisfactorily explained by the branch, except those reported in Annexure "V".
B97: IV | E97: GENERAL
D98: 1 | E98: Books and Records
D99: a | E99: In case any books of account are maintained manually, does general scrutiny thereof indicates whether they have been properly maintained, with balances duly inked out and authenticated by the authorised signatories? | F99: The branch is using Core Banking Solution hence this clause is not applicable. | H99: 1) Most of the branches are computerised hence linking of ledgers is restricted to operational registers such as Cheque Book issue register, Locker Opeartions Register etc. Hard copies of reports are generated as per HO Guidelines and certain reports are printed daily and others on different time parameters. 2) check and report appropriately. Write status of computerisation 100 % in CBS, however CBS also has exceptions such as Bills, OBC, Foreign Bills, Lockers, Forex transactions etc any other item which is not recorded. 3)Check the policy for Back up and check report of testing of these back ups. Ask for BCP/DRP Policy and enquire whether the team at branch is aware of the same. also check whether the BCP/DRP Testing has been underataken at the branch. | I99: take appropriate documents for each question, else take comment in MR appropriately
D100: b | E100: In respect of computerised branches:
D101: - | E101: Whether hard copies of accounts are printed regularly? | F101: Hard copies of Accounts are not printed regularly. Specific reports listed in Annexure "W" are printed on daily / weekly/ monthly/quarterly/half yearly basis
D102: - | E102: Indicate the extent of computerization and the areas of operation covered through manual intervention. | F102: 100% except, Safe Deposit Vaults, Bills
D103: - | E103: Are the access and data security measures and other internal controls adequate? | F103: The access and data security measures and other internal controls are adequate
...

Sheet FxB
B2: =+'Main LFAR'!B2:F2 -> [Name of the Bank]
B3: =+'Main LFAR'!B3:F3 -> [Name of the Branch]
B4: =+'Main LFAR'!B4:F4 -> Distinctive Code: [Branch Code]
B6: LONG FORM AUDIT REPORT [LFAR] TO MANAGEMENT
B7: QUESTIONNARE APPLICABLE TO BRANCHES DEALING IN FOREIGN EXCHANGE TRANSACTIONS
F8: =+'Main LFAR'!F7 -> Period: 01.04.2019 to 31.03.2020
C9: 1 | E9: Are there any material adverse features pointed out in the reports of concurrent auditors, internal auditors and / or the Reserve Bank of India's inspection report which continue to persist in relation to NRE/ NRO/ NRNR/ FCNR-B/ EEFC/ RFC and other similar deposit accounts If so, furnish the particulars of such adverse features. | F9: There are no material adverse features pointed out in the reports of concurrent auditors, internal auditors and / or the Reserve Bank of India's inspection report which continue to persist in relation to NRE/ NRO/ NRNR/ FCNR-B/ EEFC/ RFC and other similar deposit accounts.
C10: 2 | E10: Whether the Branch has followed the instructions and guidelines of the controlling authorities of the bank with regard to the following in relation to the foreign exchange. If not, state the irregularities: | F10: The Branch has generally followed the instructions and guidelines of the controlling authorities of the bank with regard to the following in relation to the foreign exchange.
D11: a | E11: Deposits | F11: Nil
D12: b | E12: Advances | F12: Nil
D13: c | E13: Export Bills | F13: Nil
D14: d | E14: Bills for collection | F14: Nil
D15: e | E15: Dealing room operations (where a branch has one) | F15: Nil
D16: f | E16: Any other area | F16: Nil
C17: 3 | E17: Obtain a list of all Nostro Accounts maintained / operated by the Branch from the branch management. | F17: List of Nostro Accounts attached as Annexure "A".
C18: 4 | D18: a | E18: Are the Nostro Accounts regularly operated? | F18: Yes, the Nostro Accounts are regularly operated.
D19: b | E19: Are periodic balance confirmations obtained from all concerned overseas branches/ correspondents? | F19: Yes, balance confirmations are obtained from overseas branches periodically
D20: c | E20: Are these accounts duly reconciled periodically? Your observations on the reconciliation may be reported. | F20: Yes, the Nostro Accounts are regularly reconciled.
C21: 5 | E21: Does the Branch follow the prescribed procedures in relation to maintenance of Vostro Accounts? | F21: The branch has followed prescribed procedures in relation to maintenance of Vostro Accounts.
C23: =+'Main LFAR'!C126 -> For | E23: ='Main LFAR'!E126 -> [Name of the Bank] | F23: =+'Main LFAR'!F126 -> For Name of CA Firm
E24: ='Main LFAR'!E127 -> [Name of the Branch] | F24: =+'Main LFAR'!F127 -> Chartered Accountants
E25: ='Main LFAR'!E128 -> Distinctive Code: [Branch Code] | F25: =+'Main LFAR'!F128 -> FRN:
C29: =+'Main LFAR'!C132 -> Branch Manager | F29: =+'Main LFAR'!F132 -> Name of Partner
C30: =+'Main LFAR'!C133 -> Chief Manager / AGM / DGM | F30: =+'Main LFAR'!F133 -> Partner
F31: =+'Main LFAR'!F134 -> Membership No.
C33: =+'Main LFAR'!C136 -> Place: | F33: =+'Main LFAR'!F136 -> Place:
C34: =+'Main LFAR'!C137 -> Date: | F34: =+'Main LFAR'!F137 -> Date:

Sheet LCB
B2: =+FxB!B2 -> [Name of the Bank]
B3: =+FxB!B3 -> [Name of the Branch]
B4: =+FxB!B4 -> Distinctive Code: [Branch Code]
B6: LONG FORM AUDIT REPORT [LFAR] TO MANAGEMENT
B7: For Branches dealing in Large Advances such as corporate banking branches and industrial finance branches or branches with advances in excess of Rs.100 crores
F8: =+FxB!F8 -> Period: 01.04.2019 to 31.03.2020
C9: 1 | E9: In respect of borrowers with outstanding of Rs. 2.00 crore and above, the information in the enclosed format (Annexure “F”) should be obtained from the Branch Management. Comments of the Branch Auditor on advances with significant adverse features and which might need the attention of the management/Central Statutory Auditors should be appended to the Long Form Audit Report. | F9: No such significant adverse features observed in respect of borrowers with outstanding of Rs. 2.00 crore and above.
C10: 2 | E10: What, in your opinion, are the major shortcomings in credit appraisal, monitoring etc. | F10: No major shortcomings observed.
C11: 3 | E11: List the accounts (with outstanding in excess of Rs. 1.00 crore), which have either been downgraded or upgraded with regard to their classification as Non Performing Asset or Standard Asset during the year and the reasons therefor. | F11: No such case observed.
C13: =+FxB!C23 -> For | F13: =+FxB!F23 -> For Name of CA Firm
C14: =+FxB!E24 -> [Name of the Branch] | F14: =+FxB!F24 -> Chartered Accountants
C15: =+FxB!E25 -> Distinctive Code: [Branch Code] | F15: =+FxB!F25 -> FRN:
C19: =+FxB!C29 -> Branch Manager | F19: =+FxB!F29 -> Name of Partner
C20: =+FxB!C30 -> Chief Manager / AGM / DGM | F20: =+FxB!F30 -> Partner
F21: =+FxB!F31 -> Membership No.
C23: =+FxB!C33 -> Place: | F23: =+FxB!F33 -> Place:
C24: =+FxB!C34 -> Date: | F24: =+FxB!F34 -> Date:

Sheet ARB
B1: =+LCB!B2 -> [Name of the Bank]
B2: =+LCB!B3 -> [Name of the Branch]
B3: =+LCB!B4 -> Distinctive Code: [Branch Code]
B5: LONG FORM AUDIT REPORT [LFAR] TO MANAGEMENT
B6: QUESTIONNARE APPLICABLE TO BRANCHES DEALING IN RECOVERY OF NON PERFORMING ASSETS SUCH AS RECOVERY BRANCHES
F7: =+LCB!F8 -> Period: 01.04.2019 to 31.03.2020
C8: 1 | E8: In respect of borrowers with outstanding of Rs. 2.00 crore and above, the information in the enclosed format (Annexure “F”) should be obtained from the Branch Management. Comments of the Branch Auditor on advances with significant adverse features and which might need the attention of the management/Central Statutory Auditors should be appended to the Long Form Audit Report. | F8: Not Applicable
C9: 2 | E9: List the accounts (with outstanding in excess of Rs. 2.00 crores), which have been upgraded from Non Performing to Standard during the year and the reasons therefor. | F9: Not Applicable
C10: 3 | E10: Whether the Branch has a system of updating periodically, the information relating to the valuation of security charged to the bank? | F10: Not Applicable
C11: 4 | E11: Age-wise analysis of the recovery suits filed and pending may be furnished. | F11: Not Applicable
C12: 5 | E12: Is the Branch prompt in ensuring execution of decrees obtained for recovery from the defaulting borrowers? Also list the time barred decrees, if any, and reasons therefor. | F12: Not Applicable
C13: 6 | E13: List the recoveries and their appropriation against the interest and the principal and the accounts settled/ written off/ closed during the year. | F13: Not Applicable
C14: 7 | E14: List the new borrower accounts transferred to the Branch during the year. Have all the relevant documents and records relating to these borrower accounts been transferred to the Branch? Has the Branch obtained confirmation that all the accounts of the borrower (including non-fund based exposures and deposits pending adjustment/ margin deposits) been transferred to the Branch? | F14: Not Applicable
C16: =+LCB!C13 -> For | F16: =+LCB!F13 -> For Name of CA Firm
C17: =+LCB!C14 -> [Name of the Branch] | F17: =+LCB!F14 -> Chartered Accountants
C18: =+LCB!C15 -> Distinctive Code: [Branch Code] | F18: =+LCB!F15 -> FRN:
C22: =+LCB!C19 -> Branch Manager | F22: =+LCB!F19 -> Name of Partner
C23: =+LCB!C20 -> Chief Manager / AGM / DGM | F23: =+LCB!F20 -> Partner
F24: =+LCB!F21 -> Membership No.
C26: =+LCB!C23 -> Place: | F26: =+LCB!F23 -> Place:
C27: =+LCB!C24 -> Date: | F27: =+LCB!F24 -> Date:

Sheet Ser Br
B2: =+ARB!B1 -> [Name of the Bank]
B3: =+ARB!B2 -> [Name of the Branch]
B4: =+ARB!B3 -> Distinctive Code: [Branch Code]
B6: LONG FORM AUDIT REPORT [LFAR] TO MANAGEMENT
B7: QUESTIONNARE APPLICABLE TO BRANCHES DEALING IN CLEARING HOUSE OPEARIONS, NORMALLY REFERRED TO AS SERVICE BRANCHES
F8: =+ARB!F7 -> Period: 01.04.2019 to 31.03.2020
C9: 1 | E9: Does the branch have a system of periodic review of the outstanding entries in clearing adjustments accounts? In your view, has the system generally been complied with? | F9: Not Applicable
C10: 2 | E10: Whether review of the clearing adjustments accounts (inwards/outwards) reveals any old/large/unusual outstanding entries, which remain unexplained? Give year- wise break-up of outstanding in number and value: | F10: Not Applicable
E11: Inward Clearing | F11: Number | G11: Value
E12: Normal Clearing
E13: High Value Clearing
E14: Inter Branch Clearing
E15: National Clearing
E16: Returned / Dishonoured Clearing
E18: Outward Clearing | F18: Number | G18: Value
E19: Normal Clearing
E20: High Value Clearing
E21: Inter Branch Clearing
E22: National Clearing
E23: Returned / Dishonoured Clearing
C25: 3 | E25: Has the Branch strictly followed the guidelines of the controlling authority of the bank with respect to operations related to clearing transactions? Comment on the systems and procedures followed by the Branch in this regard. | F25: Not Applicable
C28: =+ARB!C16 -> For | F28: =+ARB!F16 -> For Name of CA Firm
C29: =+ARB!C17 -> [Name of the Branch] | F29: =+ARB!F17 -> Chartered Accountants
C30: =+ARB!C18 -> Distinctive Code: [Branch Code] | F30: =+ARB!F18 -> FRN:
C34: =+ARB!C22 -> Branch Manager | F34: =+ARB!F22 -> Name of Partner
C35: =+ARB!C23 -> Chief Manager / AGM / DGM | F35: =+ARB!F23 -> Partner
F36: =+ARB!F24 -> Membership No.
C38: =+ARB!C26 -> Place: | F38: =+ARB!F26 -> Place:
C39: =+ARB!C27 -> Date: | F39: =+ARB!F27 -> Date:

Sheet A1
B1: =+'Ser Br'!B2:G2 -> [Name of the Bank]
B2: =+'Ser Br'!B3:G3 -> [Name of the Branch]
B3: =+'Ser Br'!B4:G4 -> Distinctive Code: [Branch Code]
B5: ANNEXURES TO LONG FORM AUDIT REPORT [LFAR] TO MANAGEMENT
B6: Annexure 1
B7: DICGC Claims | C7: =+'Ser Br'!F8 -> Period: 01.04.2019 to 31.03.2020
B8: No claims for DICGC and ECG/Insurance and subsidies were lodged and settled during the year. There are no pending claims.
B9: Particulars | C9: Number | D9: Amount Rs.
B10: Claims as at the beginning of the year (Give year-wise details) | C10: NIL
B11: 2013 - 2014
B12: 2012 - 2013
B13: 2011 - 2012
B14: 2010 - 2011
B15: 2009 - 2010
B16: 2008 - 2009
B17: Other
B18: Total
B19: Further claims lodged during the year
B20: Total A | C20: =+C18+C19 -> 0 | D20: =+D18+D19 -> 0
B21: Amounts representing:
B22: a) claims accepted/settled
B23: (give year-wise details)
B24: 2013 - 2014 | C24: NIL
B25: 2012 - 2013
B26: 2011 - 2012
B27: 2010 - 2011
B28: 2009 - 2010
B29: 2008 - 2009
B30: Other
B31: Total
B32: b) Claims rejected
B33: (give year-wise details)
B34: 2013 - 2014 | C34: NIL
B35: 2012 - 2013
B36: 2011 - 2012
B37: 2010 - 2011
B38: 2009 - 2010
B39: 2008 - 2009
B40: Other
B41: Total
B42: Total B
B44: Balance as at the year-end
B45: (give year-wise details) A - B
B47: 2013 - 2014 | C47: NIL
B48: 2012 - 2013
B49: 2011 - 2012
B50: 2010 - 2011
B51: 2009 - 2010
B52: 2008 - 2009
B53: Other
B54: Total

Sheet A 2,3,4
B2: =+'A1'!B1:D1 -> [Name of the Bank]
B3: =+'A1'!B2:D2 -> [Name of the Branch]
B4: =+'A1'!B3:D3 -> Distinctive Code: [Branch Code]
B6: ANNEXURES TO LONG FORM AUDIT REPORT [LFAR] TO MANAGEMENT
B7: Annexure 2
B8: Guarantees invoked, paid but not adjusted:
F9: =+'A1'!C7 -> Period: 01.04.2019 to 31.03.2020
B10: Sr. | C10: Date of Invocation | D10: Name of the Party | E10: Name of Beneficiary | F10: Amount Rs. Lacs | G10: Date of Recovery | H10: Remarks
B12: NIL
B15: Annexure 3
B16: Guarantees invoked, paid but not paid:
F17: =+F9 -> Period: 01.04.2019 to 31.03.2020
B18: Sr. | C18: Date of Invocation | D18: Name of the Party | E18: Name of Beneficiary | F18: Amount Rs. Lacs | G18: Date of Recovery | H18: Remarks
B20: NIL
B23: Annexure 4
B24: Details of the outstanding amounts of letters of credit and co-acceptances funded by the Branch at the end of the year may be obtained from the management and reported in the following format:
F25: =+F9 -> Period: 01.04.2019 to 31.03.2020
B26: Sr. | C26: Date of Funding | D26: Name of the Party | E26: Nature (LC/C-acceptance etc.) | F26: Amount Rs. Lacs | G26: Date of Recovery | H26: Remarks
B28: NIL

Sheet A5
B2: =+'A 2,3,4'!B2:H2 -> [Name of the Bank]
B3: =+'A 2,3,4'!B3:H3 -> [Name of the Branch]
B4: =+'A 2,3,4'!B4:H4 -> Distinctive Code: [Branch Code]
B6: ANNEXURES TO LONG FORM AUDIT REPORT [LFAR] TO MANAGEMENT
B7: Annexure 5
B8: Suspense Accounts / Sundry Assets - Details of Old Outstanding Entries
D9: =+'A 2,3,4'!F25 -> Period: 01.04.2019 to 31.03.2020
B10: Year | C10: Amount Rs. | D10: Remarks
B12: NIL

Sheet A6
B2: =+'A5'!B2:D2 -> [Name of the Bank]
B3: =+'A5'!B3:D3 -> [Name of the Branch]
B4: =+'A5'!B4:D4 -> Distinctive Code: [Branch Code]
B6: ANNEXURES TO LONG FORM AUDIT REPORT [LFAR] TO MANAGEMENT
B7: Annexure 6
B8: Bills Payable / Sundry Deposits - Details of Old Outstanding Entries
E9: =+'A5'!D9 -> Period: 01.04.2019 to 31.03.2020
B10: Year | C10: No of Items | D10: Amount Rs. | E10: Remarks
B12: NIL

Sheet A7
B2: =+'A6'!B2:E2 -> [Name of the Bank]
B3: =+'A6'!B3:E3 -> [Name of the Branch]
B4: =+'A6'!B4:E4 -> Distinctive Code: [Branch Code]
B6: ANNEXURES TO LONG FORM AUDIT REPORT [LFAR] TO MANAGEMENT
B7: Annexure 7
B8: Reconciliation of Control and Subsidiary Records
E9: =+'A6'!E9 -> Period: 01.04.2019 to 31.03.2020
B10: Account | C10: Date | D10: General Ledger Balance Rs. | E10: Subsidiary Ledger Balance Rs. | F10: Last date on which balanced
B12: ALL BALANCES ARE TALLIED AS ON 31.03.2014

Sheet A - A 
B2: =+'Main LFAR'!B2:F2 -> [Name of the Bank]
B3: =+'Main LFAR'!B3:F3 -> [Name of the Branch]
B4: =+'Main LFAR'!B4:F4 -> Distinctive Code: [Branch Code]
E5: =+'Main LFAR'!F7 -> Period: 01.04.2019 to 31.03.2020
B6: ANNEXURES TO LONG FORM AUDIT REPORT [LFAR] TO MANAGEMENT
B7: Annexure A
B8: Excess Cash Balance above the Retention Limit of Rs. 2 (Two) Lacs
F9: Rs. Lacs
B10: Date | C10: Cash Balance Rs. Lacs | D10: Retention Limit Rs. Lacs | E10: Excess Rs. Lacs | F10: % of Excess
B12: No Such case Observed
B15: Note:
B16: There is no specific cash retention limit fro the branch. However based on the experience, the cash is retained below
B17: Rs. 2 Lacs throughout the year at the branch. The cash balance is maintained only for the purpose of expenditure
B18: of branch and employee of the branch.

Sheet A - B
B2: =+'A - A '!B2:F2 -> [Name of the Bank]
B3: =+'A - A '!B3:F3 -> [Name of the Branch]
B4: =+'A - A '!B4:F4 -> Distinctive Code: [Branch Code]
E6: =+'A - A '!E5 -> Period: 01.04.2019 to 31.03.2020
B7: =+'[1]A-A'!B7:F7 -> ANNEXURES TO LONG FORM AUDIT REPORT [LFAR] TO MANAGEMENT
B8: Annexure B
B9: Reconciliaiton of Bank Account with - RBI / SBI / Other Bank
F10: Rs. Lacs
B11: Date | C11: Amount | D11: Debit / Credit | E11: Particulars | F11: Reason
B14: Nil
B19: Note:

Sheet A - C
B2: =+'A - A '!B2:F2 -> [Name of the Bank]
B3: =+'A - A '!B3:F3 -> [Name of the Branch]
B4: =+'A - A '!B4:F4 -> Distinctive Code: [Branch Code]
F6: =+'A - A '!E5 -> Period: 01.04.2019 to 31.03.2020
B7: ANNEXURES TO LONG FORM AUDIT REPORT [LFAR] TO MANAGEMENT
B8: Annexure C
B9: Credit Appraisal
B10: Loan Applications Forms in Prescribed form not obtained | F10: Rs. Lacs
B11: A/c Number | C11: Name of Party | D11: Nature of Facility | E11: Amount | F11: Remarks
B14: NIL
B19: Appraisal without latest Financial Statements | F19: Rs. Lacs
B20: A/c Number | C20: Name of Party | D20: Nature of Facility | E20: Amount | F20: Remarks
B25: Other Observations | F25: Rs. Lacs
B26: A/c Number | C26: Name of Party | D26: Nature of Facility | E26: Amount | F26: Remarks
B28: NIL

Sheet A - D
B2: =+'A - A '!B2:F2 -> [Name of the Bank]
B3: =+'A - A '!B3:F3 -> [Name of the Branch]
B4: =+'A - A '!B4:F4 -> Distinctive Code: [Branch Code]
E6: =+'A - A '!E5 -> Period: 01.04.2019 to 31.03.2020
B7: ANNEXURES TO LONG FORM AUDIT REPORT [LFAR] TO MANAGEMENT
B8: Annexure D
B9: Credit - Sanctioning and Disbursement | F9: Period: 01.04.2012 to 31.03.2013
B10: Credit Facilities sanctioned beyond Delegation of Power | F10: Rs. Lacs
B11: A/c Number | C11: Name of Party | D11: Nature of Facility | E11: Amount | F11: Remarks
B19: Credit Facilities disbursed without compliance with Terms & Conditions | F19: Rs. Lacs
B20: A/c Number | C20: Name of Party | D20: Nature of Facility | E20: Amount | F20: Terms and Conditions not complied
B23: NIL

Sheet A - E
B2: =+'A - A '!B2:F2 -> [Name of the Bank]
B3: =+'A - A '!B3:F3 -> [Name of the Branch]
B4: =+'A - A '!B4:F4 -> Distinctive Code: [Branch Code]
E6: =+'A - A '!E5 -> Period: 01.04.2019 to 31.03.2020
B7: ANNEXURES TO LONG FORM AUDIT REPORT [LFAR] TO MANAGEMENT
B8: Annexure E
B9: Credit - Documentation | F9: Rs. Lacs
B10: Credit Facilities disbursed without documentation
B11: A/c Number | C11: Name of Party | D11: Nature of Facility | E11: Amount | F11: Remarks
B13: NIL
B19: Credit - Documentation | F19: Rs. Lacs
B20: Deficiencies in Documentation
B21: A/c Number | C21: Name of Party | D21: Nature of Facility | E21: Amount | F21: Remarks
B24: Nil
B29: Credit - Documentation | F29: Rs. Lacs
B30: Lien on Deposits in case of Loans against Deposits
B31: A/c Number | C31: Name of Party | D31: Nature of Facility | E31: Amount | F31: Remarks
B34: Nil

Sheet A - F
B2: =+'A - E'!B2:F2 -> [Name of the Bank]
B3: =+'A - E'!B3:F3 -> [Name of the Branch]
B4: =+'A - E'!B4:F4 -> Distinctive Code: [Branch Code]
G6: =+'A - A '!E5 -> Period: 01.04.2019 to 31.03.2020
B7: ANNEXURES TO LONG FORM AUDIT REPORT [LFAR] TO MANAGEMENT
B8: Annexure F
B9: Credit - Review Monitoring & Supervision
B10: Accounts overdue for Review / Renewal | H10: Rs. Lacs
B11: A/c Number | C11: Name of Party | D11: Nature of Facility | E11: Amount | F11: Outsanding as on 31.03.2013 | G11: Date of Last Review / Renewal | H11: Remarks
B12: 1756008700000619 | C12: Emmbi Polyarns Ltd | D12: Cash Credit | E12: 2000 | G12: 09.02.2012
B19: Acknowledgement of Debts / Balance Confirmations | H19: Rs. Lacs
B20: A/c Number | C20: Name of Party | D20: Nature of Facility | E20: Amount | F20: Outsanding as on 31.03.2013 | G20: Date of Balance Confirmation | H20: Remarks
B22: NIL
B28: Stock Statements Not submitted | H28: Rs. Lacs
B29: A/c Number | C29: Name of Party | D29: Nature of Facility | E29: Amount | F29: Outsanding as on 31.03.2013 | G29: Date of Last Stock Statement | H29: Remarks
B30: 1756008700000691 | C30: Maheshwari Tools | D30: Cash credit | E30: 25 | H30: August 2012 and November 2012 not received.
B31: 1756008700000798 | C31: Excel Enterprises | D31: Cash credit | E31: 20 | G31: 31.01.2013 | H31: February 2013 not received
B37: Financial Statement as on 31.03.2012 not submitted | F37: Rs. Lacs
B38: A/c Number | C38: Name of Party | D38: Nature of Facility | E38: Amount | F38: Outsanding as on 31.03.2013
B40: Nil
B44: QIS for December 2011 not submitted | F44: Rs. Lacs
B45: A/c Number | C45: Name of Party | D45: Nature of Facility | E45: Amount | F45: Outsanding as on 31.03.2013
B48: Nil
B53: Observations based on Stock Audit Reports | H53: Rs. Lacs
B54: A/c Number | C54: Name of Party | D54: Nature of Facility | E54: Amount | F54: Outsanding as on 31.03.2013 | G54: Date of Stock Audit Report | H54: Remarks
B55: 1756008700000594 | C55: Trident Tools Ltd | D55: Cash Credit | E55: 1150 | G55: 31.12.2012 | H55: Stock audit report to be closed.
B56: 1756008700000619 | C56: Emmbi Polyarns Ltd | D56: Cash Credit | E56: 2000 | G56: 12.01.2013 | H56: Stock audit report to be closed.
B62: Advances to Non Corporate Entities more than Rs. 10 Lacs where Audited Financial Statements are not obtained | H62: Rs. Lacs
B63: A/c Number | C63: Name of Party | D63: Nature of Facility | E63: Amount | F63: Outsanding as on 31.03.2013 | H63: Remarks
B66: Nil
B71: Obsevations on Physical Verification of securities by Branch officials | H71: Rs. Lacs
B72: A/c Number | C72: Name of Party | D72: Nature of Facility | E72: Amount | F72: Outsanding as on 31.03.2013 | H72: Remarks
B75: Nil
B81: Deficiencies in Valuation of Securities charged to Bank | H81: Rs. Lacs
B82: A/c Number | C82: Name of Party | D82: Nature of Facility | E82: Amount | F82: Outsanding as on 31.03.2013 | G82: Valuation of Securities Report dated | H82: Remarks
B83: 1218008700000906 | C83: Nice Kables | D83: Cash Credit | E83: 50 | G83: 31.12.2009
B91: Insurance Policy for Security Charged to Bank not on Record | H91: Rs. Lacs
B92: A/c Number | C92: Name of Party | D92: Nature of Facility | E92: Amount | F92: Outsanding as on 31.03.2013 | G92: Insurance Policy details | H92: Remarks
B95: Nil
B101: Bank's Lien not recorde on Insurance Policy | H101: Rs. Lacs
B102: A/c Number | C102: Name of Party | D102: Nature of Facility | E102: Amount | F102: Outsanding as on 31.03.2013 | G102: Insurance Policy details | H102: Remarks
B105: Nil
B111: Under Insurance of Stock or Other Securities | H111: Rs. Lacs
B112: A/c Number | C112: Name of Party | D112: Nature of Facility | E112: Amount | F112: Value of Stock as per latest report | G112: Sum Insured as per policy | H112: Remarks
B113: 1756008700000804 | C113: Sagar Corporation | D113: Cash Credit | E113: 400 | G113: 130 | H113: Insurance also expired on 31.03.2013 and to be renewed with adequate coverage.
B121: Frequent Overdrawings allowed as per details below | H121: Rs. Lacs
B122: A/c Number | C122: Name of Party | D122: Nature of Facility | E122: Amount | F122: Outsanding as on 31.03.2013 | G122: % of Overdrawing / frequency | H122: Remarks
B123: 1756008700000594 | C123: Shri Hari Extrusion Pvt. Ltd. | D123: Cash Credit | E123: 650 | F123: 694 | G123: =+(F123-E123)/E123 -> 0.067692308 | H123: Adhoc was sanctioned at various occasions with comepent authority permission.
B131: Credit Card Dues | H131: Rs. Lacs
B132: A/c Number | C132: Name of Party | D132: Credit Card Type | E132: Amount | F132: Outsanding as on 31.03.2013 | G132: Due since | H132: Remarks
B135: Nil
B141: Non Performing Advances | H141: Rs. Lacs
B142: A/c Number | C142: Name of Party | D142: Facilities | E142: Amount | F142: Outsanding as on 31.03.2013 | G142: Category | H142: Remarks
B145: Nil
B151: Memorandum of Changes for IRAC Norms for classification of Advances | H151: Rs. Lacs
B152: A/c Number | C152: Name of Party | D152: Facilities | E152: Amount | F152: Outsanding as on 31.03.2013 | G152: MOC Suggested | H152: Remarks
B161: Recovery / Recall of Advances issued by Controlling Office beyond Rs.50 Lacs | H161: Rs. Lacs
B162: A/c Number | C162: Name of Party | D162: Facilities | E162: Amount | F162: Outsanding as on 31.03.2013 | G162: Date of Recovery / Recall | H162: Remarks
B165: Nil
B171: Valuation Reports in case of Non Performing Advances beyond 3 years | H171: Rs. Lacs
B172: A/c Number | C172: Name of Party | D172: Facilities | E172: Amount | F172: Outsanding as on 31.03.2013 | G172: Date of Valuation Report | H172: Remarks
B175: Nil
B181: Observations in Restructured Accounts | H181: Rs. Lacs
B182: A/c Number | C182: Name of Party | D182: Facilities | E182: Amount | F182: Outsanding as on 31.03.2013 | G182: Date of Restructuring | H182: Remarks
B185: Nil

Sheet A - G
B2: =+'A - F'!B2:H2 -> [Name of the Bank]
B3: =+'A - F'!B3:H3 -> [Name of the Branch]
B4: =+'A - F'!B4:H4 -> Distinctive Code: [Branch Code]
I6: =+'A - A '!E5 -> Period: 01.04.2019 to 31.03.2020
B7: ANNEXURES TO LONG FORM AUDIT REPORT [LFAR] TO MANAGEMENT
B8: Annexure G
B9: Stationery and Stamps
B10: Missing items of Stationery and Stamps
J11: Rs. Lacs
B12: Sr | C12: Item Code | D12: Particulars | E12: Quantity as per Register | F12: Value as per Register | G12: Quantity as per Verification | H12: Value as per Verification | I12: Difference | J12: Remarks

Sheet A - H
B2: =+'A - G'!B2:J2 -> [Name of the Bank]
B3: =+'A - G'!B3:J3 -> [Name of the Branch]
B4: =+'A - G'!B4:J4 -> Distinctive Code: [Branch Code]
F6: =+'A - G'!I6 -> Period: 01.04.2019 to 31.03.2020
B7: ANNEXURES TO LONG FORM AUDIT REPORT [LFAR] TO MANAGEMENT
B8: Annexure H
B9: Deposits
B10: Observations in Opeartions in Inoperative Accounts | G10: Rs. Lacs
B11: A/c Number | C11: Name of Party | D11: Inoperative Since | E11: Date of Operation | F11: Nature of Transaction | G11: Remarks
B14: NIL

Sheet A - I
B2: =+'A - H'!B2:G2 -> [Name of the Bank]
B3: =+'A - H'!B3:G3 -> [Name of the Branch]
B4: =+'A - H'!B4:G4 -> Distinctive Code: [Branch Code]
J6: =+'A - H'!F6 -> Period: 01.04.2019 to 31.03.2020
B7: ANNEXURES TO LONG FORM AUDIT REPORT [LFAR] TO MANAGEMENT
B8: Annexure I
B9: Deposits
B10: Unusual / Large movement in Aggregate Deposits | K10: Rs. Lacs
B11: Break up of Deposits | C11: As on 31.03.2016 | D11: As on 30.06.2016 | E11: As on 30.09.2016 | F11: As on 31.12.2016 | G11: As on 31.03.2017 | H11: % of Increase / Decrease | I11: As on 05.04.2016 | J11: % of Increase / Decrease | K11: Remarks
B12: Demand Deposits
B13: Savings Bank Deposit | C13: 1 | D13: 1 | E13: 1 | F13: 1 | G13: 2 | H13: =(+G13-C13)/C13 -> 1 | I13: 2.3 | J13: =(+I13-G13)/G13*100 -> 15
B14: Current Deposit | C14: 1 | D14: 1 | E14: 1 | F14: 1 | G14: 2 | H14: =(+G14-C14)/C14 -> 1 | I14: 2.3 | J14: =(+I14-G14)/G14*100 -> 15
B15: Credit Balance in CC / OD Accounts | C15: 1 | G15: 2 | H15: =(+G15-C15)/C15 -> 1 | I15: 2.3 | J15: =(+I15-G15)/G15*100 -> 15
B16: Total - A | C16: =SUM(C13:C15) -> 3 | D16: =SUM(D13:D15) -> 2 | E16: =SUM(E13:E15) -> 2 | F16: =SUM(F13:F15) -> 2 | G16: =SUM(G13:G15) -> 6 | H16: =(+G16-C16)/C16 -> 1 | I16: =SUM(I13:I15) -> 6.9 | J16: =(+I16-G16)/G16*100 -> 15
B17: Term Deposits
B18: Fixed Deposits | C18: 1 | D18: 1 | E18: 1 | F18: 1 | G18: 2 | H18: =(+G18-C18)/C18 -> 1 | I18: 2.3 | J18: =(+I18-G18)/G18*100 -> 15
B19: Cumulative Interest Deposits | C19: 1 | D19: 1 | E19: 1 | F19: 1 | G19: 2 | H19: =(+G19-C19)/C19 -> 1 | I19: 2.3 | J19: =(+I19-G19)/G19*100 -> 15
B20: Recurring Deposits | C20: 1 | D20: 1 | E20: 1 | F20: 1 | G20: 2 | H20: =(+G20-C20)/C20 -> 1 | I20: 2.3 | J20: =(+I20-G20)/G20*100 -> 15
B21: Total - B | C21: =SUM(C18:C20) -> 3 | D21: =SUM(D18:D20) -> 3 | E21: =SUM(E18:E20) -> 3 | F21: =SUM(F18:F20) -> 3 | G21: =SUM(G18:G20) -> 6 | H21: =(+G21-C21)/C21 -> 1 | I21: =SUM(I18:I20) -> 6.9 | J21: =(+I21-G21)/G21*100 -> 15
B22: Term Deposits A + B | C22: =+C16+C21 -> 6 | D22: =+D16+D21 -> 5 | E22: =+E16+E21 -> 5 | F22: =+F16+F21 -> 5 | G22: =+G16+G21 -> 12 | H22: =(+G22-C22)/C22 -> 1 | I22: =+I16+I21 -> 13.8 | J22: =(+I22-G22)/G22*100 -> 15

Sheet A - J
B2: =+'A - I'!B2:K2 -> [Name of the Bank]
B3: =+'A - I'!B3:K3 -> [Name of the Branch]
B4: =+'A - I'!B4:K4 -> Distinctive Code: [Branch Code]
D6: =+'A - I'!J6 -> Period: 01.04.2019 to 31.03.2020
B7: ANNEXURES TO LONG FORM AUDIT REPORT [LFAR] TO MANAGEMENT
B8: Annexure J
B9: Other Liabilities
B10: Unusual transactions in Bills Payable, Sundry Deposits | E10: Rs. Lacs
B11: Date | C11: Nature of Transaction | D11: Amount | E11: Remarks

Sheet A - K

Sheet A - L
B2: =+'A - J'!B2:E2 -> [Name of the Bank]
B3: =+'A - J'!B3:E3 -> [Name of the Branch]
B4: =+'A - J'!B4:E4 -> Distinctive Code: [Branch Code]
B6: ANNEXURES TO LONG FORM AUDIT REPORT [LFAR] TO MANAGEMENT
B7: Annexure L
B8: Discrepancies in Interest / Discount on Advances | G8: =+'A - J'!D6 -> Period: 01.04.2019 to 31.03.2020
H9: Rs. Lacs
B10: A/c No | C10: Name of Party | D10: Type of Facility | E10: Interest Actual | F10: Interest Charged | G10: Excess / (Shortage) | H10: Remarks

Sheet A - M
B2: =+'A - L'!B2:H2 -> [Name of the Bank]
B3: =+'A - L'!B3:H3 -> [Name of the Branch]
B4: =+'A - L'!B4:H4 -> Distinctive Code: [Branch Code]
B6: ANNEXURES TO LONG FORM AUDIT REPORT [LFAR] TO MANAGEMENT
B7: Annexure M
B8: Discrepancies in IRAC Norms | G8: =+'A - L'!G8 -> Period: 01.04.2019 to 31.03.2020
H9: Rs. Lacs
B10: A/c No | C10: Name of Party | D10: Type of Facility | E10: Asset Classification as per Branch | F10: Asset Classification as per Auditors | G10: MOC Details | H10: Remarks

Sheet A - N
B2: =+'A - M'!B2:H2 -> [Name of the Bank]
B3: =+'A - M'!B3:H3 -> [Name of the Branch]
B4: =+'A - M'!B4:H4 -> Distinctive Code: [Branch Code]
B6: ANNEXURES TO LONG FORM AUDIT REPORT [LFAR] TO MANAGEMENT
B7: Annexure N
B8: Discrepancies in Interest on Deposits | G8: =+'A - M'!G8 -> Period: 01.04.2019 to 31.03.2020
H9: Rs. Lacs
B10: A/c No | C10: Name of Depositor | D10: Type of Deposit | E10: Interest Actual | F10: Interest Paid | G10: Excess / (Shortage) | H10: Remarks

Sheet A - O

Sheet A - P
B2: =+'A - N'!B2:H2 -> [Name of the Bank]
B3: =+'A - N'!B3:H3 -> [Name of the Branch]
B4: =+'A - N'!B4:H4 -> Distinctive Code: [Branch Code]
I5: =+'A - N'!G8 -> Period: 01.04.2019 to 31.03.2020
B6: ANNEXURES TO LONG FORM AUDIT REPORT [LFAR] TO MANAGEMENT
B7: Annexure P
B8: Divergent Trend in Liabilities & Assets
K9: Rs. Lacs
A10: Sr | B10: Particulars | C10: As on 31.03.2018 | D10: As on 30.06.2018 | E10: As on 30.09.2018 | F10: As on 31.12.2018 | G10: As on 31.03.2019 | H10: % of Increase / Decrease | I10: As on 08.04.2019 | J10: % of Increase / Decrease | K10: Remarks
A11: A | B11: Liabilities | C11: =+C12+C16+C20+C28+C37+C40+C44 -> 23 | D11: =+D12+D16+D20+D28+D37+D40+D44 -> 23 | E11: =+E12+E16+E20+E28+E37+E40+E44 -> 23 | F11: =+F12+F16+F20+F28+F37+F40+F44 -> 23 | G11: =+G12+G16+G20+G28+G37+G40+G44 -> 1796.81 | H11: =(+G11-C11)/C11 -> 77.122174 | I11: =+I12+I16+I20+I28+I37+I40+I44 -> 1796.81 | J11: =(+I11-G11)/G11*100 -> 0
A12: 10 | B12: Current Deposit | C12: =SUM(C13:C14) -> 2 | D12: =SUM(D13:D14) -> 2 | E12: =SUM(E13:E14) -> 2 | F12: =SUM(F13:F14) -> 2 | G12: =SUM(G13:G14) -> 6.14 | H12: =(+G12-C12)/C12 -> 2.07 | I12: =SUM(I13:I14) -> 6.14 | J12: =(+I12-G12)/G12*100 -> 0
B13: - Corpoate | C13: 1 | D13: 1 | E13: 1 | F13: 1 | G13: 6.12 | H13: =(+G13-C13)/C13 -> 5.12 | I13: 6.12 | J13: =(+I13-G13)/G13*100 -> 0
B14: - Retail | C14: 1 | D14: 1 | E14: 1 | F14: 1 | G14: 0.02 | H14: =(+G14-C14)/C14 -> -0.98 | I14: 0.02 | J14: =(+I14-G14)/G14*100 -> 0
A16: 11 | B16: Saving Deposit | C16: =SUM(C17:C18) -> 2 | D16: =SUM(D17:D18) -> 2 | E16: =SUM(E17:E18) -> 2 | F16: =SUM(F17:F18) -> 2 | G16: =SUM(G17:G18) -> 15.87 | H16: =(+G16-C16)/C16 -> 6.935 | I16: =SUM(I17:I18) -> 15.87 | J16: =(+I16-G16)/G16*100 -> 0
B17: - Retail | C17: 1 | D17: 1 | E17: 1 | F17: 1 | G17: 12.69 | H17: =(+G17-C17)/C17 -> 11.69 | I17: 12.69 | J17: =(+I17-G17)/G17*100 -> 0
B18: - Staff | C18: 1 | D18: 1 | E18: 1 | F18: 1 | G18: 3.18 | H18: =(+G18-C18)/C18 -> 2.18 | I18: 3.18 | J18: =(+I18-G18)/G18*100 -> 0
A20: 12 | B20: Fixed Deposit | C20: =SUM(C21:C26) -> 6 | D20: =SUM(D21:D26) -> 6 | E20: =SUM(E21:E26) -> 6 | F20: =SUM(F21:F26) -> 6 | G20: =SUM(G21:G26) -> 1723.52 | H20: =(+G20-C20)/C20 -> 286.25333 | I20: =SUM(I21:I26) -> 1723.52 | J20: =(+I20-G20)/G20*100 -> 0
B21: - Corporate Regular | C21: 1 | D21: 1 | E21: 1 | F21: 1 | G21: 572.92 | H21: =(+G21-C21)/C21 -> 571.92 | I21: 572.92 | J21: =(+I21-G21)/G21*100 -> 0
B22: - Corporate SDR | C22: 1 | D22: 1 | E22: 1 | F22: 1 | G22: 1019.55 | H22: =(+G22-C22)/C22 -> 1018.55 | I22: 1019.55 | J22: =(+I22-G22)/G22*100 -> 0
B23: - Retail SDR | C23: 1 | D23: 1 | E23: 1 | F23: 1 | G23: 119.8 | H23: =(+G23-C23)/C23 -> 118.8 | I23: 119.8 | J23: =(+I23-G23)/G23*100 -> 0
B24: - Staff SDR | C24: 1 | D24: 1 | E24: 1 | F24: 1 | G24: 2.39 | H24: =(+G24-C24)/C24 -> 1.39 | I24: 2.39 | J24: =(+I24-G24)/G24*100 -> 0
B25: - Ex Staff SC SDR | C25: 1 | D25: 1 | E25: 1 | F25: 1 | G25: 5.8 | H25: =(+G25-C25)/C25 -> 4.8 | I25: 5.8 | J25: =(+I25-G25)/G25*100 -> 0
B26: - Staff RD | C26: 1 | D26: 1 | E26: 1 | F26: 1 | G26: 3.06 | H26: =(+G26-C26)/C26 -> 2.06 | I26: 3.06 | J26: =(+I26-G26)/G26*100 -> 0
A28: 15 | B28: Other Liabilities | C28: =SUM(C29:C35) -> 6 | D28: =SUM(D29:D35) -> 6 | E28: =SUM(E29:E35) -> 6 | F28: =SUM(F29:F35) -> 6 | G28: =SUM(G29:G35) -> 30.34 | H28: =(+G28-C28)/C28 -> 4.0566667 | I28: =SUM(I29:I35) -> 30.34 | J28: =(+I28-G28)/G28*100 -> 0
B29: - Bills Payable | C29: 1 | D29: 1 | E29: 1 | F29: 1 | G29: 0 | H29: =(+G29-C29)/C29 -> -1 | I29: 0 | J29: =(+I29-G29)/G29*100 -> #DIV/0!
B30: - Others | C30: 1 | D30: 1 | E30: 1 | F30: 1 | G30: 29.47 | H30: =(+G30-C30)/C30 -> 28.47 | I30: 29.47 | J30: =(+I30-G30)/G30*100 -> 0
B31: - Inter Office | C31: 0 | D31: 0 | E31: 0 | F31: 0 | G31: 0 | H31: =(+G31-C31)/C31 -> #DIV/0! | I31: 0 | J31: =(+I31-G31)/G31*100 -> #DIV/0!
B32: - Recpt on A/c Govt | C32: 1 | D32: 1 | E32: 1 | F32: 1 | G32: 0.01 | H32: =(+G32-C32)/C32 -> -0.99 | I32: 0.01 | J32: =(+I32-G32)/G32*100 -> 0
B33: - TDS | C33: 1 | D33: 1 | E33: 1 | F33: 1 | G33: 0.82 | H33: =(+G33-C33)/C33 -> -0.18 | I33: 0.82 | J33: =(+I33-G33)/G33*100 -> 0
B34: - Suspense Receipts | C34: 1 | D34: 1 | E34: 1 | F34: 1 | G34: 0.04 | H34: =(+G34-C34)/C34 -> -0.96 | I34: 0.04 | J34: =(+I34-G34)/G34*100 -> 0
B35: - Other Deposit | C35: 1 | D35: 1 | E35: 1 | F35: 1 | G35: 0 | H35: =(+G35-C35)/C35 -> -1 | I35: 0 | J35: =(+I35-G35)/G35*100 -> #DIV/0!
A37: 17 | B37: Demand Draft | C37: =SUM(C38:C38) -> 1 | D37: =SUM(D38:D38) -> 1 | E37: =SUM(E38:E38) -> 1 | F37: =SUM(F38:F38) -> 1 | G37: =SUM(G38:G38) -> 1.43 | H37: =(+G37-C37)/C37 -> 0.43 | I37: =SUM(I38:I38) -> 1.43 | J37: =(+I37-G37)/G37*100 -> 0
B38: - DD A/c No. 3 | C38: 1 | D38: 1 | E38: 1 | F38: 1 | G38: 1.43 | H38: =(+G38-C38)/C38 -> 0.43 | I38: 1.43 | J38: =(+I38-G38)/G38*100 -> 0
A40: 19 | B40: Int Payable SB | C40: =SUM(C41:C42) -> 2 | D40: =SUM(D41:D42) -> 2 | E40: =SUM(E41:E42) -> 2 | F40: =SUM(F41:F42) -> 2 | G40: =SUM(G41:G42) -> 0.04 | H40: =(+G40-C40)/C40 -> -0.98 | I40: =SUM(I41:I42) -> 0.04 | J40: =(+I40-G40)/G40*100 -> 0
B41: - SB Retail | C41: 1 | D41: 1 | E41: 1 | F41: 1 | G41: 0.03 | H41: =(+G41-C41)/C41 -> -0.97 | I41: 0.03 | J41: =(+I41-G41)/G41*100 -> 0
B42: - SB Staff | C42: 1 | D42: 1 | E42: 1 | F42: 1 | G42: 0.01 | H42: =(+G42-C42)/C42 -> -0.99 | I42: 0.01 | J42: =(+I42-G42)/G42*100 -> 0
A44: 20 | B44: Int Payable TD | C44: =SUM(C45:C48) -> 4 | D44: =SUM(D45:D48) -> 4 | E44: =SUM(E45:E48) -> 4 | F44: =SUM(F45:F48) -> 4 | G44: =SUM(G45:G48) -> 19.47 | H44: =(+G44-C44)/C44 -> 3.8675 | I44: =SUM(I45:I48) -> 19.47 | J44: =(+I44-G44)/G44*100 -> 0
B45: - FD Corp Reg | C45: 1 | D45: 1 | E45: 1 | F45: 1 | G45: 19.47 | H45: =(+G45-C45)/C45 -> 18.47 | I45: 19.47 | J45: =(+I45-G45)/G45*100 -> 0
B46: - FD Retail | C46: 1 | D46: 1 | E46: 1 | F46: 1 | G46: 0 | H46: =(+G46-C46)/C46 -> -1 | I46: 0 | J46: =(+I46-G46)/G46*100 -> #DIV/0!
B47: - FD Staff | C47: 1 | D47: 1 | E47: 1 | F47: 1 | G47: 0 | H47: =(+G47-C47)/C47 -> -1 | I47: 0 | J47: =(+I47-G47)/G47*100 -> #DIV/0!
B48: - FD Others | C48: 1 | D48: 1 | E48: 1 | F48: 1 | G48: 0 | H48: =(+G48-C48)/C48 -> -1 | I48: 0 | J48: =(+I48-G48)/G48*100 -> #DIV/0!
A50: B | B50: ASSETS | G50: =+G51+G54+G59+G63+G69+G73+G76+G81+G90+G94 -> 171286.12 | H50: =+G50-G11 -> 169489.31
A51: 30 | B51: Cash | C51: =SUM(C52:C52) -> 1 | D51: =SUM(D52:D52) -> 1 | E51: =SUM(E52:E52) -> 1 | F51: =SUM(F52:F52) -> 1 | G51: =SUM(G52:G52) -> 0.05 | H51: =(+G51-C51)/C51 -> -0.95 | I51: =SUM(I52:I52) -> 0.05 | J51: =(+I51-G51)/G51*100 -> 0
B52: - Cash in Hand | C52: 1 | D52: 1 | E52: 1 | F52: 1 | G52: 0.05 | H52: =(+G52-C52)/C52 -> -0.95 | I52: 0.05 | J52: =(+I52-G52)/G52*100 -> 0
A54: 36 | B54: Cash Credit | C54: =SUM(C55:C57) -> 3 | D54: =SUM(D55:D57) -> 3 | E54: =SUM(E55:E57) -> 3 | F54: =SUM(F55:F57) -> 3 | G54: =SUM(G55:G57) -> 56419.11 | H54: =(+G54-C54)/C54 -> 18805.37 | I54: =SUM(I55:I57) -> 56419.11 | J54: =(+I54-G54)/G54*100 -> 0
B55: - CC Hyp Corporate | C55: 1 | D55: 1 | E55: 1 | F55: 1 | G55: 45235.04 | H55: =(+G55-C55)/C55 -> 45234.04 | I55: 45235.04 | J55: =(+I55-G55)/G55*100 -> 0
B56: - CC Hyp Medium E | C56: 1 | D56: 1 | E56: 1 | F56: 1 | G56: 1766.35 | H56: =(+G56-C56)/C56 -> 1765.35 | I56: 1766.35 | J56: =(+I56-G56)/G56*100 -> 0
B57: - CC Hyp Trade & Ser | C57: 1 | D57: 1 | E57: 1 | F57: 1 | G57: 9417.72 | H57: =(+G57-C57)/C57 -> 9416.72 | I57: 9417.72 | J57: =(+I57-G57)/G57*100 -> 0
A59: 37 | B59: Overdraft | C59: =SUM(C60:C61) -> 2 | D59: =SUM(D60:D61) -> 2 | E59: =SUM(E60:E61) -> 2 | F59: =SUM(F60:F61) -> 2 | G59: =SUM(G60:G61) -> 633.8 | H59: =(+G59-C59)/C59 -> 315.9 | I59: =SUM(I60:I61) -> 633.8 | J59: =(+I59-G59)/G59*100 -> 0
B60: - OD Retail | C60: 1 | D60: 1 | E60: 1 | F60: 1 | G60: 634 | H60: =(+G60-C60)/C60 -> 633 | I60: 634 | J60: =(+I60-G60)/G60*100 -> 0
B61: - OD Staff | C61: 1 | D61: 1 | E61: 1 | F61: 1 | G61: -0.2 | H61: =(+G61-C61)/C61 -> -1.2 | I61: -0.2 | J61: =(+I61-G61)/G61*100 -> 0
A63: 38 | B63: Term Loans | C63: =SUM(C64:C67) -> 4 | D63: =SUM(D64:D67) -> 4 | E63: =SUM(E64:E67) -> 4 | F63: =SUM(F64:F67) -> 4 | G63: =SUM(G64:G67) -> 68538.74 | H63: =(+G63-C63)/C63 -> 17133.685 | I63: =SUM(I64:I67) -> 68538.74 | J63: =(+I63-G63)/G63*100 -> 0
B64: - TL Corporate | C64: 1 | D64: 1 | E64: 1 | F64: 1 | G64: 63830.41 | H64: =(+G64-C64)/C64 -> 63829.41 | I64: 63830.41 | J64: =(+I64-G64)/G64*100 -> 0
B65: - TL SSI General | C65: 1 | D65: 1 | E65: 1 | F65: 1 | G65: 3240.35 | H65: =(+G65-C65)/C65 -> 3239.35 | I65: 3240.35 | J65: =(+I65-G65)/G65*100 -> 0
B66: - TL Agri Vehicles | C66: 1 | D66: 1 | E66: 1 | F66: 1 | G66: 1415.08 | H66: =(+G66-C66)/C66 -> 1414.08 | I66: 1415.08 | J66: =(+I66-G66)/G66*100 -> 0
B67: - LN Staff | C67: 1 | D67: 1 | E67: 1 | F67: 1 | G67: 52.9 | H67: =(+G67-C67)/C67 -> 51.9 | I67: 52.9 | J67: =(+I67-G67)/G67*100 -> 0
A69: 39 | B69: Term Loans | C69: =SUM(C70:C71) -> 2 | D69: =SUM(D70:D71) -> 2 | E69: =SUM(E70:E71) -> 2 | F69: =SUM(F70:F71) -> 2 | G69: =SUM(G70:G71) -> 45667.65 | H69: =(+G69-C69)/C69 -> 22832.825 | I69: =SUM(I70:I71) -> 43304.07 | J69: =(+I69-G69)/G69*100 -> -5.1756112
B70: - DL Corporate | C70: 1 | D70: 1 | E70: 1 | F70: 1 | G70: 43251.17 | H70: =(+G70-C70)/C70 -> 43250.17 | I70: 43251.17 | J70: =(+I70-G70)/G70*100 -> 0
B71: - DL OPS | C71: 1 | D71: 1 | E71: 1 | F71: 1 | G71: 2416.48 | H71: =(+G71-C71)/C71 -> 2415.48 | I71: 52.9 | J71: =(+I71-G71)/G71*100 -> -97.810865
A73: 42 | B73: BPBD Corporates | C73: =SUM(C74:C74) -> 0 | D73: =SUM(D74:D74) -> 0 | E73: =SUM(E74:E74) -> 0 | F73: =SUM(F74:F74) -> 0 | G73: =SUM(G74:G74) -> 0 | H73: =(+G73-C73)/C73 -> #DIV/0! | I73: =SUM(I74:I74) -> 0 | J73: =(+I73-G73)/G73*100 -> #DIV/0!
B74: - BPBD Corporates | C74: 0 | D74: 0 | E74: 0 | F74: 0 | G74: 0 | H74: =(+G74-C74)/C74 -> #DIV/0! | I74: 0 | J74: =(+I74-G74)/G74*100 -> #DIV/0!
A76: 48 | B76: Fixed Assets | C76: =SUM(C77:C79) -> 3 | D76: =SUM(D77:D79) -> 3 | E76: =SUM(E77:E79) -> 3 | F76: =SUM(F77:F79) -> 3 | G76: =SUM(G77:G79) -> 38.97 | H76: =(+G76-C76)/C76 -> 11.99 | I76: =SUM(I77:I79) -> 38.97 | J76: =(+I76-G76)/G76*100 -> 0
B77: - F & F Computer | C77: 1 | D77: 1 | E77: 1 | F77: 1 | G77: 13.36 | H77: =(+G77-C77)/C77 -> 12.36 | I77: 13.36 | J77: =(+I77-G77)/G77*100 -> 0
B78: - F & F PM | C78: 1 | D78: 1 | E78: 1 | F78: 1 | G78: 3.65 | H78: =(+G78-C78)/C78 -> 2.65 | I78: 3.65 | J78: =(+I78-G78)/G78*100 -> 0
B79: - F & F Other | C79: 1 | D79: 1 | E79: 1 | F79: 1 | G79: 21.96 | H79: =(+G79-C79)/C79 -> 20.96 | I79: 21.96 | J79: =(+I79-G79)/G79*100 -> 0
A81: 50 | B81: Inter Office | C81: =SUM(C82:C88) -> 7 | D81: =SUM(D82:D88) -> 7 | E81: =SUM(E82:E88) -> 7 | F81: =SUM(F82:F88) -> 7 | G81: =SUM(G82:G88) -> 12.31 | H81: =(+G81-C81)/C81 -> 0.75857143 | I81: =SUM(I82:I84) -> 0.1 | J81: =(+I81-G81)/G81*100 -> -99.187652
B82: - I O Adj | C82: 1 | D82: 1 | E82: 1 | F82: 1 | G82: 0 | H82: =(+G82-C82)/C82 -> -1 | I82: 0 | J82: =(+I82-G82)/G82*100 -> #DIV/0!
B83: - Other Assets Sundry | C83: 1 | D83: 1 | E83: 1 | F83: 1 | G83: 0.1 | H83: =(+G83-C83)/C83 -> -0.9 | I83: 0.1 | J83: =(+I83-G83)/G83*100 -> 0
B84: - RTGS | C84: 1 | D84: 1 | E84: 1 | F84: 1 | G84: 0 | H84: =(+G84-C84)/C84 -> -1 | I84: 0 | J84: =(+I84-G84)/G84*100 -> #DIV/0!
B85: - Income Tax Paid | C85: 1 | D85: 1 | E85: 1 | F85: 1 | G85: 0.94 | H85: =(+G85-C85)/C85 -> -0.06 | I85: 0.94 | J85: =(+I85-G85)/G85*100 -> 0
B86: - Pointing A/c OAP | C86: 1 | D86: 1 | E86: 1 | F86: 1 | G86: 0 | H86: =(+G86-C86)/C86 -> -1 | I86: 0 | J86: =(+I86-G86)/G86*100 -> #DIV/0!
B87: - Int Free Loan Staff | C87: 1 | D87: 1 | E87: 1 | F87: 1 | G87: 0.38 | H87: =(+G87-C87)/C87 -> -0.62 | I87: 0.38 | J87: =(+I87-G87)/G87*100 -> 0
B88: - Security Deposit | C88: 1 | D88: 1 | E88: 1 | F88: 1 | G88: 10.89 | H88: =(+G88-C88)/C88 -> 9.89 | I88: 10.89 | J88: =(+I88-G88)/G88*100 -> 0
A90: 51 | B90: Interest Receivable | C90: =SUM(C91:C92) -> 2 | D90: =SUM(D91:D92) -> 2 | E90: =SUM(E91:E92) -> 2 | F90: =SUM(F91:F92) -> 2 | G90: =SUM(G91:G92) -> 0.1 | H90: =(+G90-C90)/C90 -> -0.95 | I90: =SUM(I91:I92) -> 0.1 | J90: =(+I90-G90)/G90*100 -> 0
B91: - BPBD SSI | C91: 1 | D91: 1 | E91: 1 | F91: 1 | G91: 0 | H91: =(+G91-C91)/C91 -> -1 | I91: 0 | J91: =(+I91-G91)/G91*100 -> #DIV/0!
B92: - Others | C92: 1 | D92: 1 | E92: 1 | F92: 1 | G92: 0.1 | H92: =(+G92-C92)/C92 -> -0.9 | I92: 0.1 | J92: =(+I92-G92)/G92*100 -> 0
A94: 55 | B94: Balance Lent to HO | C94: =SUM(C95:C95) -> 1 | D94: =SUM(D95:D95) -> 1 | E94: =SUM(E95:E95) -> 1 | F94: =SUM(F95:F95) -> 1 | G94: =SUM(G95:G95) -> -24.61 | H94: =(+G94-C94)/C94 -> -25.61 | I94: =SUM(I95:I95) -> -24.61 | J94: =(+I94-G94)/G94*100 -> 0
B95: - Balance to HO | C95: 1 | D95: 1 | E95: 1 | F95: 1 | G95: -24.61 | H95: =(+G95-C95)/C95 -> -25.61 | I95: -24.61 | J95: =(+I95-G95)/G95*100 -> 0
A97: C | B97: INCOME
A98: 60 | B98: Interest Earned | C98: =SUM(C99:C102) -> 4 | D98: =SUM(D99:D102) -> 4 | E98: =SUM(E99:E102) -> 4 | F98: =SUM(F99:F102) -> 4 | G98: =SUM(G99:G102) -> 2311.52 | H98: =(+G98-C98)/C98 -> 576.88 | I98: =SUM(I99:I102) -> 2311.52 | J98: =(+I98-G98)/G98*100 -> 0
B99: - CC Corporate | C99: 1 | D99: 1 | E99: 1 | F99: 1 | G99: 1925.7 | H99: =(+G99-C99)/C99 -> 1924.7 | I99: 1925.7 | J99: =(+I99-G99)/G99*100 -> 0
B100: - CC Med Entp | C100: 1 | D100: 1 | E100: 1 | F100: 1 | G100: 326.65 | H100: =(+G100-C100)/C100 -> 325.65 | I100: 326.65
B101: - CC Trade/Se | C101: 1 | D101: 1 | E101: 1 | F101: 1 | G101: 60.68 | H101: =(+G101-C101)/C101 -> 59.68 | I101: 60.68
B102: - CC Retail | C102: 1 | D102: 1 | E102: 1 | F102: 1 | G102: -1.51 | H102: =(+G102-C102)/C102 -> -2.51 | I102: -1.51
A104: 62 | B104: Interest Earned | C104: =SUM(C105:C108) -> 4 | D104: =SUM(D105:D108) -> 4 | E104: =SUM(E105:E108) -> 4 | F104: =SUM(F105:F108) -> 4 | G104: =SUM(G105:G108) -> 2311.52 | H104: =(+G104-C104)/C104 -> 576.88 | I104: =SUM(I105:I108) -> 2311.52 | J104: =(+I104-G104)/G104*100 -> 0
B105: - CC Corporate | C105: 1 | D105: 1 | E105: 1 | F105: 1 | G105: 1925.7 | H105: =(+G105-C105)/C105 -> 1924.7 | I105: 1925.7 | J105: =(+I105-G105)/G105*100 -> 0
B106: - CC Med Entp | C106: 1 | D106: 1 | E106: 1 | F106: 1 | G106: 326.65 | H106: =(+G106-C106)/C106 -> 325.65 | I106: 326.65
B107: - CC Trade/Se | C107: 1 | D107: 1 | E107: 1 | F107: 1 | G107: 60.68 | H107: =(+G107-C107)/C107 -> 59.68 | I107: 60.68
B108: - CC Retail | C108: 1 | D108: 1 | E108: 1 | F108: 1 | G108: -1.51 | H108: =(+G108-C108)/C108 -> -2.51 | I108: -1.51

Sheet A - Q
B2: =+'A - P'!B2:K2 -> [Name of the Bank]
B3: =+'A - P'!B3:K3 -> [Name of the Branch]
B4: =+'A - P'!B4:K4 -> Distinctive Code: [Branch Code]
D6: =+'A - P'!I5 -> Period: 01.04.2019 to 31.03.2020
B7: ANNEXURES TO LONG FORM AUDIT REPORT [LFAR] TO MANAGEMENT
B8: Annexure Q
B9: Annexure / MIS Printed through CBS
E10: Rs. Lacs
B11: Sr | C11: Type of Report | D11: Periodicity | E11: Remarks
B16: NIL
B24: take copy of HO / IT Circular for the same.

Sheet A - R

Sheet A - S
B2: =+'A - Q'!B2:E2 -> [Name of the Bank]
B3: =+'A - Q'!B3:E3 -> [Name of the Branch]
B4: =+'A - Q'!B4:E4 -> Distinctive Code: [Branch Code]
E6: =+'A - Q'!D6 -> Period: 01.04.2019 to 31.03.2020
B7: ANNEXURES TO LONG FORM AUDIT REPORT [LFAR] TO MANAGEMENT
B8: Annexure S
B9: General
B10: Major Observations Considered from Various Audit Reports | F10: Rs. Lacs
B11: Date of Audit Report | C11: Type of Audit Report | D11: Conducted by | E11: Period Covered by Audit | F11: Observations considered for Statutory audit

Sheet A - T

Sheet Sheet1

Sheet Sheet2

Sheet Sheet3
